Workbook

Sheet OF LOCAL CRAVO NORTE
A4: NOMBRE DE LA EDIFICACION: | B4: ICA SOLEDAD - ATLANTICO | E4: ID./ PLACA INMUEBLE:
A5: UBICACIÓN: | B5: Calle 18 No. 50-32 Soledad
A6: TIPO DE USO | B6: ADMINSITRATIVO | C6: LABORATORIO | D6: OTRO | E6: CUAL?
A7: OCUPACIÓN: | B7: PROPIA | C7: COMODATO
A9: PLANO DE LOCALIZACION | B9: PANORAMICA | C9: DESCRIPCION GENERAL
A13: DIAGNOSTICO DE LA INFRAESTRUCTURA
A15: ANALISIS INTERIOR Y EXTERIOR
A16: INSTALACIONES ELÉCTRICAS INTERNAS Y EXTERNAS SECCIONAL SOLEDAD
A17: ELEMENTO | B17: DIAGNOSTICO | C17: ACCIONES PREVENTIVAS/CORRECTIVAS | D17: REGISTRO FOTOGRAFICO
A18: CUBIERTA | B18: la totalidad de la ccubierta se enuentra en mal estado, tejas rotas | C18: Se require el cambio en laa totalidad del tendido de cubierta
A19: CIELO RAZO | B19: Se identifican los circuitos alimentadores en buen estado. | C19: Se debe hacer cambio del circuito para la puerta de entrada en tuberia metaliza IMC
A20: TOMACORRIENTES | B20: Se encuentran toma corrientes en muros que estan deteriodadas por el uso, llenas de hormigas, quemadas. Se encuentra una canalización con canaleta plastica la cual esta a una altura de 1,8m, las tomacorrientes de esta canalización no cumple norma por que no tienen puesta a tierra, ademas, la altura de las salidas no cumple para los puestos de trabajo. Se encuentran derevaciones para tomas en clavijas que no cumplen norma. | C20: Se debe realizar mantenimiento en conexiones y marcacion de fases a las salidas de los muros, cambio de tomacorrientes. Con respecto a las salidas en canaleta plastica estas deben acondicionarse a la altura de los puestos de trabajo, es decir a 0,3m de altura e instalar la puesta a tierra de cada una de ellas, marcar fases y la canaleta identificando la parte electrica y la parte de comunicaciones. Se deben retirar las conexiones que no cumplen norma y reemplazarlas por unas adecuadas. Derivaciones de tomas de muros con canaleta plastica.
A21: ILUMINACIÓN (INCLUIDAS LUMINARIAS E INTERRUPTORES) | B21: Se encuentra luminarias rotas, luminarias sin funcionar, interruptores que no accionan, salidas de iluminación sin cumplir norma con cables colgando. | C21: Es necesario renovar las luminarias a tecnologia led, los interruptores se necesita cambiar los que no funcionan, verificar y ajustar las salidas de iluminacion que cumplan norma. Se requiere realizar un estudio de iluminación para cumplir con las condiciones de RETILAP en los puestos de trabajo y en las diferentes áreas de la sede.
A22: UPS (REDES REGULADAS) | B22: No se encuentra UPS en las oficinas, por lo tanto no hay redes reguladas. | C22: Se requiere el suministro e instalación de una UPS para los equipos de computo de las instalaciones.
A23: PLANTA ELECTRICA | B23: No existe planta electrica en la seccional | C23: Se debe instalar una planta electrica para que soporte la carga de toda la sede, es decir una de 175 kVA
A24: ILUMINACION EXTERIOR | B24: Se identifica la falta de iluminación exterior la cual es necesaria para la seguridad de la sede. | C24: Se debe instalar la iluminación exterior para minimizar los riesgos de seguridad en la noche. Se requiere que los reflectores sean de tecnología led y de carga solar con detector de movimiento para su eficencia energética. Se deberan instalar 2 reflectores.
A25: ANALISIS INTERIOR
A26: ELEMENTO | B26: DIAGNOSTICO | C26: ACCIONES PREVENTIVAS/CORRECTIVAS | D26: REGISTRO FOTOGRAFICO
A27: PAREDES Y TECHOS | B27: Paredes con desprendimiento de pintura, y areas de desgate de la misma tanto en extriores como en interiores. | C27: pintura de muros, mantenimiento de aire acondicionado.
A28: PSG | B28: Falta de mantenimiento de PSG y falta de espacio, pintura en muros | C28: Se require desplazar division interna para tener mas espacio, asegurar división, mantenimiento de ventanal, cambio de chapa puerta circulación y baño mujeres, instalar puerta, brazo hidráulico para puerta de acceso.
B29: ARREGLO DE SALIDA Y SUMINISTRO DE AGUA PARA BAÑOS DEMUJER Y DE HOMBRE EN PSG PARA LA AMNOS Y SANITARIOS | C29: Se requirerealliazr la inspeccion y puestaen funcionamiento del suministaro y saida de agus de los puntos hidrosanitarios en baños de PSG
B30: Las chapas ded los maños de PSG no sirven | C30: Cambio de chapas en puertas para baños de hombres y mujeres en PSG
A31: PINTURA | B31: Paredes con desprendimiento de pintura, pañete | C31: RACK PRINCIPAL, JURIDICA, FINANCIERA, SANIDAD VEGETAL Y ANIMAL, resane de pared
B32: Presencia de humedad en muros y ventana deteriorada. | C32: FORESTAL, arreglo de humedad, cambio de ventana,
B33: Cielo raso deteriorado | C33: SANIDAD ANIMAL – TÉCNICOS, BODEGA INSUMOS PECUARIOS, OFICINA DE GERENCIA, cambio de cielo raso
B34: Falta de mantenimiento en Cafeteria, por aires acondicionados con falla en el funcionamiento, sifón deteriorado, enchape levantado, cerradura y cielo raso con daños. | C34: CAFETERIA, 2 aires acondicionados, extractor, cambio de sifón, cambio de enchape levantado, cerradura y cielo raso.
A35: BAÑOS | B35: Se requiere Mantenimiento en el baño de hombres por filtración, divisiones deterioradas, enchape suelto y cielo raso. | C35: Resane de de divisiones deterioradas, arreglo de 3 orinales, cambio de cielo raso y enchape desprendido.
A36: ELEMENTO | B36: DIAGNOSTICO | C36: ACCIONES PREVENTIVAS/CORRECTIVAS | D36: REGISTRO FOTOGRAFICO
A37: PISOS | B37: Piso en granito desgastado en toda la seccional | C37: desvastada, Pulida de piso y brillada
A38: ELEMENTO | B38: DIAGNOSTICO | C38: ACCIONES PREVENTIVAS/CORRECTIVAS | D38: REGISTRO FOTOGRAFICO
A39: PUERTAS | B39: Piuertas metalicas internas deterioradas en su pintura. Puertas del area de Rack, Auditorio, Gerencia , Archivo, Acceso calle 18,, puertas dde bañños de hombres y mujeres. | C39: Pintura nueva de puertas metalicas
A40: CAFETERIA | B40: No existenn muebles en la parte inferior de mesones | C40: Se requiere la fabricaccion e intalacion de puertas de mobiliario para mesones bajos ennn cocina
A41: OFICINA GERENCIA SECCIONAL | B41: Por solicctud del gerente seccional solita la instalacion de un nuevo baño para su oficina | C41: Intsalacion de un nuevo baño para la oficna ded la Gerncia Seccional
A42: CONCLUSIONES Y RECOMENDACIONES
A43: Las anteriores actividades estan sujetas a verificación legal de su viabilidad y disponibilidad presupuestal.
A46: INFORMACION ADICIONAL Y SOPORTES
A47: DOCUMENTO | B47: SOPORTE FISICO (SI/NO) | C47: OBSERVACIONES
A48: ACTAS DE REUNION | B48: Si
A49: PLANOS RECORD | B49: No
A50: LEVANTAMIENTO ARQUITECTONICO | B50: No | E50: AREA M2:
A51: REPLANTEO | B51: No
A52: DIGILTALIZACIÓN | B52: Si
A54: Fecha de elaboración presente informe: | B54: 45399 | F54: "Grupo de Gestión de Infraestructura Física y Mantenimiento INSTITUTO COLOMBIANO AGROPECUARIO Anevida Carrera 20 No. 83 - 20 - Edificio Neopoint Piso 7"
A55: Fecha de presentación del presente informe: 17/4/2024

Sheet PRESUPUESTO
A2: FOR-ADM-005 | B2: PRESUPUESTOS DE OBRA
A3: Enero | 2021
A4: Versión 000
A6: Ciudad | C6: Municipio de Cravo Norte Arauca | H6: fecha
A7: Proyecto | C7: Adecuación oficina local ICA Cravo Norte - Arauca
A8: Contratante | C8: Instituto Colombiano Agropecuario
A9: Contratista
A10: ÍTEM | B10: CONDICIONES CONTRACTUALES
B11: DESCRIPCIÓN | D11: UNIDAD | E11: CANTIDAD | F11: VALOR UNIDAD | G11: VALOR TOTAL
A12: COMPONENTE 1. BLOQUE ADMINISTRATIVO GENERAL
A13: 1
A14: 1.1 | B14: DEMOLICION DE PISO TABLETA EN GRES EXISTENTE INCLUYE RETIRO Y DISPOSICION FINAL DE ESCOMBROS ,DEMOLICION HASTA 15 CENTIIMETROS | D14: M2 | E14: =+ROUND('1,1'!K38,2) -> 57.09 | F14: =+APU´s!F22 -> 14061 | G14: =ROUND(E14*F14,2) -> 802742.49 | J14: =+E14 -> 57.09 | K14: =+F14 -> 14061
A15: 1.2 | B15: PICADO, RASPADO Y ALISTADO DE BASE EN MURO PARA ENCHAPE DE BAÑOS INCLUYE RETIRO Y DISPOSICION FINAL DE ESCOMBROS. | D15: M2 | E15: =+ROUND('1,2'!K38,2) -> 55.55 | F15: =+APU´s!F35 -> 8309 | G15: =ROUND(E15*F15,2) -> 461564.95 | J15: =+E15 -> 55.55 | K15: =+F15 -> 8309
A16: 1.3 | B16: DEMOLICION DE DE MURO PARA PUERTA DE ACCESO NUEVO ENTRADA ALMACEN Y PLACA EN CONCRETO EXIISTENTE | D16: M2 | E16: =+'1,3'!K38 -> 18.08 | F16: =+APU´s!F50 -> 16761 | G16: =ROUND(E16*F16,2) -> 303038.88 | J16: =+E16 -> 18.08 | K16: =+F16 -> 16761
A17: 1.4 | B17: SUMINSTRO E INSTALACION DE PAÑETE 1:4 PARA RESANE DE VANO DE PUERTA INCLUYES FILOS Y DILATACIONES Y COMPLEMENTO EN MUROS COMPARTIDO DE BAÑOS | D17: M2 | E17: =+ROUND('1,4'!K38,2) -> 33.43 | F17: =+APU´s!F64 -> 33107 | G17: =ROUND(E17*F17,2) -> 1106767 | J17: =+E17 -> 33.43 | K17: =+F17 -> 33107
A18: 1.5 | B18: SUMINISTRO E INSTALACION DE MORTERO DE NIIVELACION DE 5 CMS EN PISO MORTERO 1:4 IMPERMEABILIZADO CON SIKA IMPERMEABILIZANTE INCLUYE MALLA DE REFUERZO ELECTROSOLADAD DE 4 MM HUECO 20X20 | D18: M2 | E18: =+ROUND('1,5'!K38,2) -> 104.46 | F18: =+APU´s!F81 -> 56281 | G18: =ROUND(E18*F18,2) -> 5879113.3 | J18: =+E18 -> 104.46 | K18: =+F18 -> 56281
A19: 1,5 A | B19: SUMINISTRO E INSTALACION DE CONCRETO DE 3000 PSI DE 15 CMS INCLUYE MALLA ELECTROSOLDA No 4 HUECO DE 15 X 15 PARA ANDEN COSTADO IZQUIERDOO DE LA EDIFICACION | D19: M2 | E19: =+'1,5 A'!K38 -> 17.73 | F19: =+APU´s!F98 -> 281095 | G19: =ROUND(E19*F19,2) -> 4983814.3 | J19: =+E19 -> 17.73 | K19: =+F19 -> 281095
A20: 1,5 B | B20: EXCAVACION PARA ANDEN EXTERIOR INCLUYE RETIRO DE MATERIAL DE LA OBRA | D20: M3 | E20: =+ROUND('1,5 B'!K38,2) -> 2.45 | F20: =+APU´s!F113 -> 38672 | G20: =ROUND(E20*F20,2) -> 94746.4 | J20: =+E20 -> 2.45 | K20: =+F20 -> 38672
A21: 1.6 | B21: SUMINISTRO E INSTALACION DE PISO ANKARA CAFE CARAS DIFERENCIADAS 60X60 Y PISO CERÁMICO BUNES GRIS 60X60CM INSTALACION A DOS TONOS DIFERENCIANDO AREAS DE TRABAJO. SEGÚN DISEÑO | D21: M2 | E21: =+ROUND('1,6'!K38,2) -> 92.22 | F21: =+APU´s!F133 -> 129089 | G21: =ROUND(E21*F21,2) -> 11904588 | I21: HOMCENTER | J21: =+E21 -> 92.22 | K21: =+F21 -> 129089
A22: 1.7 | B22: SUMINISTRO E INSTALCION DE PORCELANATO TRAFICO PESADO ANTIDESLIZANTE PISO CERÁMICO PISO PARED ARABIA BEIGE EN FORMATO 30X60, CORREDORES EXTERIORES | D22: M2 | E22: =+ROUND('1,7'!K38,2) -> 96.92 | F22: =+APU´s!F152 -> 92514 | G22: =ROUND(E22*F22,2) -> 8966456.9 | I22: CORONA | J22: =+E22 -> 96.92 | K22: =+F22 -> 92514
A23: 1.8 | B23: SUMINISTRO E INSTALACION DE ENCHAPE MURO PARA BAÑO FACHALETA JAEN BLANCO CARAS DIFERENCIADAS 25X41 INCLUYE Y MATERIAL DE PEGA Y BOQUILLA Y WIN PLASTICOPARA ESQUINAS | D23: M2 | E23: =+ROUND('1,8'!K38,2) -> 28.44 | F23: =+APU´s!F171 -> 115082 | G23: =ROUND(E23*F23,2) -> 3272932.1 | I23: HOMCENTER | J23: =+E23 -> 28.44 | K23: =+F23 -> 115082
A24: 1.9 | B24: SUMINISTRO E INSTALCION DE ENCHAPE PISO PARA BAÑOPISO CERÁMICO MARMOL GIOTA VENATO GREY 60X60 CM INCLUYE MATERIAL DE PEEGA Y BOQUILLA | D24: M2 | E24: =+ROUND('1,9'!K34,2) -> 4.15 | F24: =+APU´s!F191 -> 86794 | G24: =ROUND(E24*F24,2) -> 360195.1 | I24: HOMCENTER | J24: =+E24 -> 4.15 | K24: =+F24 -> 86794
A25: 1.1 | B25: APLICACIÓN DE PINTURA Y ESTUCO GENERAL PARA INTERIOR EN VINILO TIPO 1 EN MUROS. INCLUYE LIMPIEZA , RASPADO, RESANES, LIJADO FILOS EN ESCUADRAS DE MUROS DE VENTANA Y PUERTAS | D25: M2 | E25: =+ROUND('1,10'!K50,2) -> 215.78 | F25: =+APU´s!F207 -> 32107 | G25: =ROUND(E25*F25,2) -> 6928048.5 | J25: =+E25 -> 215.78 | K25: =+F25 -> 32107
A26: 1.11 | B26: DESMONTE DE CIELO FALSO EXISTENTE DE IMATERIAL DE ICOPOR , DESMONTE DE ESTRCUTURA SOPORTE , INCLUYE RETIRO Y DISPOSICION FINAL DE ESCOMBROS | D26: M2 | G26: =ROUND(E26*F26,2) -> 0 | J26: =+E26 -> 0 | K26: =+F26 -> 0
A27: 1.12 | B27: SUMINISTRO E INSTALACION DE TECHO EN DRY WALL YESO DE 1/2" INCLUYE ESTRUCTURA EN ALUMINIO (OMEGAS ) Y AISLANTE TERMICO FRESCASA FIBRA DE VIDRIO ECO 2-1/2PG 7.62X1.22 Y DE TODOS SUS ACCESORIOS PARA SU CORRECTA INSTALACION . | D27: M2 | E27: =+ROUND('1,12'!K38,2) -> 92.22 | F27: =+APU´s!F244 -> 97049 | G27: =ROUND(E27*F27,2) -> 8949858.8 | I27: HOMECENTER | J27: =+E27 -> 92.22 | K27: =+F27 -> 97049
A28: 1.13 | B28: APLICACIÓN DE PINTURA GENERAL PARA INTERIORES EN VINILO TIPO 1 PARA TECHOS . INCLUYE LIMPIEZA , RASPADO, RESANES, LIJADO FILOS INSTALACION DE SELLO DE JUNTAS | D28: M2 | E28: =+ROUND('1,13'!K38,2) -> 92.22 | F28: =+APU´s!F260 -> 33404 | G28: =ROUND(E28*F28,2) -> 3080516.9 | J28: =+E28 -> 92.22 | K28: =+F28 -> 33404
A29: 1.14 | B29: SUMINISTRO Y APLICACIÓN DE PINTURA PARA EXTERIOR TIPO KORAZA.NCLUYE LIMPIEZA , RASPADO, RESANES, LIJADO FILOS EN ESCUADRAS DE MUROS DE VENTANA Y PUERTAS | D29: M2 | E29: =+ROUND('1,14'!K55,2) -> 123.13 | F29: =+APU´s!F275 -> 38075 | G29: =ROUND(E29*F29,2) -> 4688174.8 | J29: =+E29 -> 123.13 | K29: =+F29 -> 38075
A30: 1.15 | B30: SUMINISTRO Y APLICACIÓN DE ANTICORROSIVO Y PINTURA ESMALTE PARA PUERTAS METALICAS .NCLUYE LIMPIEZA , LIJADO RASPADO, RESANES | D30: M2 | E30: =+'1,15'!K37 -> 19.68 | F30: =+APU´s!F290 -> 31214 | G30: =ROUND(E30*F30,2) -> 614291.52 | J30: =+E30 -> 19.68 | K30: =+F30 -> 31214
A31: 1.16 | B31: SUMINISTRO Y APLICACIÓN DE ANTICORROSIVOO Y PINTURA ESMALTE PARA REJAS DE VENTANAS METALICAS .NCLUYE LIMPIEZA , LIJADO RASPADO, RESANES | D31: M2 | E31: =+ROUND('1,16'!K37,2) -> 11.33 | F31: =+APU´s!F305 -> 31214 | G31: =ROUND(E31*F31,2) -> 353654.62 | J31: =+E31 -> 11.33 | K31: =+F31 -> 31214
A32: 1.17 | B32: DESMONTE DE TEJAS EXITENTES EN CUBIERTA INCLUYE RETIRO Y DISPOSICION FINAL | D32: M2 | E32: =+'1,17'!K37 -> 166.16 | F32: =+APU´s!F319 -> 9228 | G32: =ROUND(E32*F32,2) -> 1533324.5 | J32: =+E32 -> 166.16 | K32: =+F32 -> 9228
A33: 1.18 | B33: MANTENIMIENTO DE ESTRUCTURA DE CUBIERTA, INCLUYE LIMPIEZA, APLICACIÓN ANTICORROSIVO Y PIINTURA ESMALTE, REPARACION Y AJUSTE QUE SE REQUIERA | D33: M2 | E33: =+ROUND('1,18'!K37,2) -> 110.42 | F33: =+APU´s!F334 -> 31214 | G33: =ROUND(E33*F33,2) -> 3446649.9 | J33: =+E33 -> 110.42 | K33: =+F33 -> 31214
A34: 1.19 | B34: SUINISTRO E INSTALACCION DE TEJA DE FIBRO CEMENTO No 8 CON TODOS SUS ACCESORIOS DEE SUJECION | D34: M2 | E34: =+ROUND('1,19'!K37,2) -> 110.42 | F34: =+APU´s!F352 -> 87316 | G34: =ROUND(E34*F34,2) -> 9641432.7 | J34: =+E34 -> 110.42 | K34: =+F34 -> 87316
A35: 1.2 | B35: DESMONTE DE LAVAMANOS Y SANITARIOS | D35: UNIDAD | G35: =ROUND(E35*F35,2) -> 0 | J35: =+E35 -> 0 | K35: =+F35 -> 0
A36: 1.21 | B36: SUMINISTRO E INSTALACION DE SANITARIOS REFERENCIA SANITARIO SMART ALONGADO SINGLE BLANCO INCLUYE TODOS SU ACCESORIOS CON VALVULA AHORRADORA Y TODOS SUS ACCESORIOS PARA SU CORRECTO FUNCIONAMIENTO | D36: UNIDAD | E36: =+'1,21'!K35 -> 2 | F36: =+APU´s!F378 -> 787613 | G36: =ROUND(E36*F36,2) -> 1575226 | I36: HOMCENTER DE CORONA | J36: =+E36 -> 2 | K36: =+F36 -> 787613
A37: 1.22 | B37: SUMINISTRO E INSTALACION DE LAVAMANOS CON MUEBLE ALUVIA ELEVADO 60X45 CM MILAN CON LAVAMANOS CORONA CON SISTEMA AHORRADOR DE AGUA INSTITUCIONAL.INCLUYE TODOS SUS ACCESORIOS PARA SU CORRECTO FUNCIONAMIENTO | D37: UNIDAD | E37: =+'1,22'!K36 -> 2 | F37: =+APU´s!F392 -> 614952 | G37: =ROUND(E37*F37,2) -> 1229904 | I37: HOMCENTER DE CORONA | J37: =+E37 -> 2 | K37: =+F37 -> 614952
A38: 1.23 | B38: SUMINISTRO E INSTALACION DE PUERTA EN VIDRIO DE SEGURIDAD DE 2.00 DE ALTO X 0,0,8 DE 10 mm CON SANBLASTING INCLUYE BISAGRA DE PISO SPEEDY M60 , MANIJA DE ACERO INOXIDABLE. ESQUINERO SUPERIOR E INFERIOR. | D38: UNIDAD | E38: =+'1,23'!K36 -> 1 | F38: 1666000 | G38: =ROUND(E38*F38,2) -> 1666000 | I38: Americana de cristales | J38: =+E38 -> 1 | K38: =+F38 -> 1666000
A39: 1.24 | B39: ARREGLO DE PUERTAS Y VENTANERIA DE EXISTENTE EN ALUMINIO ADECUACION Y AJUSTE DE HOJAS Y MARCOS PARA SU CORRECTO FUNCIONAMMIENTO. | D39: M2 | E39: =+ROUND('1,24'!K37,2) -> 22.67 | F39: =+APU´s!F424 -> 28998 | G39: =ROUND(E39*F39,2) -> 657384.66 | J39: =+E39 -> 22.67 | K39: =+F39 -> 28998
A40: 1.25 | B40: ARREGLO Y AJUSTE SUMINISTRO DE AGUA PARA BAÑOS DE MUJER Y DE HOMBRE PARA LAVAMNOS Y SANITARIOS PARA SU CORRECTO FUNCIONAMIENTO | D40: UNIDAD | E40: =+'1,26'!K37 -> 5 | F40: =+APU´s!F435 -> 85674 | G40: =ROUND(E40*F40,2) -> 428370 | J40: =+E40 -> 5 | K40: =+F40 -> 85674
A41: 1.26 | B41: RETIRO DE MANIJAS DE PUERTA EXISTENTESY SUMINISTRO E INSTALCION DE CERRADURA DE INCRUSTRAR DE TRES BULONES EN PUERTAS EXISTENTES | D41: UNIDAD | E41: =+'1,27'!K38 -> 8 | F41: =+APU´s!F447 -> 302779 | G41: =ROUND(E41*F41,2) -> 2422232 | I41: HOMECENTER | J41: =+E41 -> 8 | K41: =+F41 -> 302779
A42: 1.27 | B42: RETIRO DE MANIJA DE PUERTA EXISTENTE DE ACCESO PRINCIPAL Y SUMINISTRO E INSTALCION DE MANIJA TIPO CERRADURA INCRUSTAR 4 BULONES ROSETA BARI EN PUERTA ACCESO PRINCIAPAL | D42: UNIDAD | E42: =+'1,27 A'!K38 -> 1 | F42: =+APU´s!F458 -> 538779 | G42: =ROUND(E42*F42,2) -> 538779 | J42: =+E42 -> 1 | K42: =+F42 -> 538779
A43: 1.28 | B43: SUMINISTRO EN INSTALACION DE MAMPOSTERIA PARA SELLO DE MUROS EN BAÑOS EN CUCHILLA EN BLOQUE No 4 MORTERO 1:4 | D43: M2 | E43: =+ROUND('1,28'!K36,2) -> 1.52 | F43: =+APU´s!F474 -> 67254 | G43: =ROUND(E43*F43,2) -> 102226.08 | J43: =+E43 -> 1.52 | K43: =+F43 -> 67254
A44: 1.29 | B44: SUMINISTRO E INSTALACION DE FLANCHE CAL 26 EN LAMINA GALVANIZADA SEGÚN DISEÑO INCLUYE CORTE EN MURO Y SELLO EN SILICONA | D44: ML | E44: =+'1,29'!K36 -> 26.58 | F44: =+APU´s!F495 -> 31199 | G44: =ROUND(E44*F44,2) -> 829269.42 | J44: =+E44 -> 26.58 | K44: =+F44 -> 31199
A45: 2 | B45: PERGOLA | J45: =+E45 -> 0 | K45: =+F45 -> 0
A46: 2.1 | B46: SUMINISITRO E INSTALACION DE PERGOLA EN ESTRUCTURA METALICA CONSTRUIDA EN PERFIL VIGA IP 200 ESTRUCTURA PRINCIPAL Y BASES EN PLATINA DE 1/4 DE 0.25X0.25 Y HORIZONTALES EN TUBERIA RECTANGULAR 50 MM X 25 MM SEGÚN DISSEÑO PINTADA EN ANTICORROSIVO Y PINTURA ESMALTE ACABADO FINAL PINTURA EPOXICA COLOR NEGRO. | D46: M2 | E46: =+ROUND('2,1'!K36,2) -> 78.12 | F46: =+APU´s!F521 -> 287077 | G46: =ROUND(E46*F46,2) -> 22426455 | J46: =+E46 -> 78.12 | K46: =+F46 -> 287077
A47: 2.2 | B47: ZAPATAS EN CONCRETO DE 3000 PSI, CONCRETO E 3000 PSI PARA SOPORTE DE ESTRUCTURA METALIZA PARA PERGOLA | D47: M3 | E47: =+ROUND('2,2'!K36,2) -> 3.46 | F47: =+APU´s!F539 -> 756029 | G47: =ROUND(E47*F47,2) -> 2615860.3 | J47: =+E47 -> 3.46 | K47: =+F47 -> 756029
A48: 2.3 | B48: PEDESTAL EN CONCRETO DE 3000 PSI INCLUYE EXCAVACION,PARA SOPORTE DE ESTRUCTURA METALICA DE PERGOLA | D48: M3 | E48: =+ROUND('2,3'!K36,2) -> 0.97 | F48: =+APU´s!F557 -> 756029 | G48: =ROUND(E48*F48,2) -> 733348.13 | J48: =+E48 -> 0.97 | K48: =+F48 -> 756029
A49: 2.4 | B49: ACERO DE REFUERZO VARILLA DE 1/2 Y VARILLA DE 3/8" DE 60.000 PSI Y ALAMBRE NEGRO No 18 | D49: KL | E49: =+ROUND('2,4'!K36,2) -> 2208.48 | F49: =+APU´s!F573 -> 6919 | G49: =ROUND(E49*F49,2) -> 15280473 | J49: =+E49 -> 2208.48 | K49: =+F49 -> 6919
A50: 2.5 | B50: SUMINISITRO E INSTALACION DE FRONTON EN ESTRUCTURA METALICA CONSTRUIDA EN PERFIL VIGA IP 200 ESTRUCTURA PRINCIPAL Y HORIZONTALES EN TUBERIA RECTANGULAR 50 MM X 25 MM SEGÚN DISSEÑO PINTADA EN ANTICORROSIVO Y PINTURA ESMALTE ACABADO FINAL COLOR NEGRO. | D50: M2 | E50: =+'2,5'!K36 -> 15.32 | F50: =+APU´s!F599 -> 287077 | G50: =ROUND(E50*F50,2) -> 4398019.6 | J50: =+E50 -> 15.32 | K50: =+F50 -> 287077
A51: 3 | B51: CERRAMIENTO | J51: =+E51 -> 0 | K51: =+F51 -> 0
A52: 3.1 | B52: LOCALIZACION Y REPLANTEO MANUAL | D52: ML | E52: =+'3,1 '!K36 -> 128.4 | F52: =+APU´s!F616 -> 3590 | G52: =ROUND(E52*F52,2) -> 460956 | J52: =+E52 -> 128.4 | K52: =+F52 -> 3590
A53: 3.2 | B53: EXCAVACION DE ZAPATAS PARA CERRAMIENTO ENTRE 0,0 Y 1,00 MTS INCLUYE Y RETIRO DE MATERIAL Y DISPOSICION FINAL | D53: M3 | E53: =+'3,2'!K36 -> 34.56 | F53: =+APU´s!F628 -> 38671 | G53: =ROUND(E53*F53,2) -> 1336469.8 | J53: =+E53 -> 34.56 | K53: =+F53 -> 38671
A54: 3.3 | B54: DESMONTE DE CERRAMIENTO EXISTENTE Y DEMOLICION DE VIGA EN PISO EXISTENTE ENTRE 0 Y 25 CM DE ANCHO Y 0 A 0.80 MTS DE ALTO APROX. RETIRO Y DISPOSICION FINAL DE ESCOMBRO | D54: ML | G54: =ROUND(E54*F54,2) -> 0 | J54: =+E54 -> 0 | K54: =+F54 -> 0
A55: 3.4 | B55: BASE EN RECEBO COMPACTADO DE ESPSOR DE 10 CMS PARA VIGA DE CIEMENTACION | D55: M3 | E55: =+'3,4'!K36 -> 12.54 | F55: =+APU´s!F657 -> 146886 | G55: =ROUND(E55*F55,2) -> 1841950.4 | J55: =+E55 -> 12.54 | K55: =+F55 -> 146886
A56: 3.5 | B56: SUMINISTRO E INSTALACION DE CONCRETO DE 3.000 PSI PARA ZAPATAS PEDESTAL Y VIGA INCLUYE ALFAJIA EN CONCRETO SEGÚN DISEÑO | D56: M3 | E56: =+ROUND('3,5'!K36,2) -> 49.65 | F56: =+APU´s!F678 -> 756644 | G56: =ROUND(E56*F56,2) -> 37567375 | J56: =+E56 -> 49.65 | K56: =+F56 -> 756644
A57: 3.6 | B57: VARILA DE 1/2 " Y VARILLA DE 3/8" ACERO DE REFUERZO DE 60.000 Y ALAMBRE NEGRO No 18 | D57: KL | G57: =ROUND(E57*F57,2) -> 0 | J57: =+E57 -> 0 | K57: =+F57 -> 0
A58: 3.7 | B58: SUMINISTRO E INSTALACION DE CERRAMIENTO EN TUBERIA REDONDA 3" GALVANIZADA DE 2,20 MTS DE ALTO , TUBO CAD 15 CMS CON TAPA PUNTA CHAFLAN PINTADA EN WASH PRIMER Y TERMINACION EN ESMALTE EN COLOR DESEADO | D58: ML | E58: =+'3,7'!K36 -> 125.4 | F58: =+APU´s!F718 -> 147522 | G58: =ROUND(E58*F58,2) -> 18499259 | I58: HOMECENTER | J58: =+E58 -> 125.4 | K58: =+F58 -> 147522
A59: 3.8 | B59: SUMINISTRO E INSTALACION DE PUERTA EN TUBERIA REDONDA 3" GALVANIZADA DE 2,20 MTS DE ALTO , TUBO CAD 15 CMS CON TAPA PUNTA CHAFLAN PINTADA EN WASH SEGÚN DISEÑO. | D59: M2 | E59: =+'3,8'!K36 -> 10.8 | F59: =+APU´s!F743 -> 747491 | G59: =ROUND(E59*F59,2) -> 8072902.8 | I59: HOMECENTER | J59: =+E59 -> 10.8 | K59: =+F59 -> 747491
A60: 4 | B60: INSTALACIONES ELECTRICAS | J60: =+E60 -> 0 | K60: =+F60 -> 0
A61: 4.1 | B61: Suministro e instalación de Luminaria de emergencia certificada RETIE para cuartos tecnicos. Incluye 1 metro de cable encauchetado 3x18 HF FR LS y clavija. | D61: UNIDAD | E61: 3 | F61: =+APU´s!F764 -> 133820 | G61: =ROUND(E61*F61,2) -> 401460 | J61: =+E61 -> 3 | K61: =+F61 -> 133820
A62: 4.2 | B62: Suministro e instalación salida de iluminacion en tuberia EMT 3/4", con caja rawelt 5800, toma corriente, incluye curvas, y accesorios para fijacion. | D62: UNIDAD | E62: 39 | F62: =+APU´s!F791 -> 213671 | G62: =ROUND(E62*F62,2) -> 8333169 | J62: =+E62 -> 39 | K62: =+F62 -> 213671
A63: 4.3 | B63: Suministro e instalación salida de interruptor doble en tuberia EMT 3/4", con caja rawelt 2400, interruptor, incluye curvas, y accesorios para fijacion. AUDITORIO | D63: UNIDAD | E63: 1 | F63: =+APU´s!F819 -> 203433 | G63: =ROUND(E63*F63,2) -> 203433 | J63: =+E63 -> 1 | K63: =+F63 -> 203433
A64: 4.4 | B64: Suministro e instalación salida de tomacorriente doble con polo a tierra en muro sobrepuesta en tuberia EMT 3/4", con caja rawelt 5800, toma corriente, incluye curvas, y accesorios para fijación. | D64: UNIDAD | E64: 17 | F64: =+APU´s!F847 -> 202647 | G64: =ROUND(E64*F64,2) -> 3444999 | J64: =+E64 -> 17 | K64: =+F64 -> 202647
A65: 4.5 | B65: Suministro e instalación de tablero Bifasico de 18 circuitos sin espacio totalizador, incluye protecciones 8 de 1x20A Y 3 DE 2X40A. | D65: UNIDAD | E65: 1 | F65: =+APU´s!F872 -> 978988 | G65: =ROUND(E65*F65,2) -> 978988 | J65: =+E65 -> 1 | K65: =+F65 -> 978988
A66: 4.6 | B66: Suministro e instalación salida de interruptor SENCILLO en tuberia EMT 3/4", con caja rawelt 2400, interruptor, incluye curvas, y accesorios para fijacion. | D66: UNIDAD | E66: 8 | F66: =+APU´s!F899 -> 129909 | G66: =ROUND(E66*F66,2) -> 1039272 | J66: =+E66 -> 8 | K66: =+F66 -> 129909
A67: 4.7 | B67: Suministro e instalación de luminaria LED 60x60 40W 120V ATENCION AL USUARIO | D67: UNIDAD | E67: 8 | F67: =+APU´s!F920 -> 173044 | G67: =ROUND(E67*F67,2) -> 1384352 | J67: =+E67 -> 8 | K67: =+F67 -> 173044
A68: 4.8 | B68: Suministro e instalación de un sistema de puesta a tierra con UNA varillas cobre-cobre de 2,4m x 5/8", CONECTOR CERTIFICADO y cable 6 cobre desnudo 10ml para el MEDIDOR. | D68: UNIDAD | E68: 1 | F68: =+APU´s!F946 -> 1750926 | G68: =ROUND(E68*F68,2) -> 1750926 | J68: =+E68 -> 1 | K68: =+F68 -> 1750926
A69: 4.9 | B69: Suministro e instalación de luminaria panel LED redodo de 18W 120V. Para cocina, baños cuarto de aseo, pasillos. | D69: UNIDAD | E69: 24 | F69: =+APU´s!F972 -> 36944 | G69: =ROUND(E69*F69,2) -> 886656 | J69: =+E69 -> 24 | K69: =+F69 -> 36944
A70: 4.1 | B70: DESMONTE DE REDES ELECTRICAS EXISTENTES | D70: GL | E70: 1 | F70: =+APU´s!F1037 -> 1906180 | G70: =ROUND(E70*F70,2) -> 1906180 | J70: =+E70 -> 1 | K70: =+F70 -> 1906180
A71: 4.11 | B71: Suministro e instalación salida PARA AA en tuberia EMT 1", cable 2X10+12T awg Libre de halogenos, con caja rawelt 5800, toma corriente, incluye curvas, y accesorios para fijacion. | D71: UNIDAD | E71: 3 | F71: =+APU´s!F1064 -> 324806 | G71: =ROUND(E71*F71,2) -> 974418 | J71: =+E71 -> 3 | K71: =+F71 -> 324806
A72: 4.12 | B72: Suministro e instalacion de Sensor Odc0S-I1W Infrarrojo Montaje En Techo. | D72: UNIDAD | E72: 2 | F72: =+APU´s!F1084 -> 213825 | G72: =ROUND(E72*F72,2) -> 427650 | J72: =+E72 -> 2 | K72: =+F72 -> 213825
A73: 4.13 | B73: Suministro e instalación salida para sensor infrarrojo en techo, incluye cable, conectores y elementos de fijación. | D73: UNIDAD | E73: 2 | F73: =+APU´s!F1110 -> 129527 | G73: =ROUND(E73*F73,2) -> 259054 | J73: =+E73 -> 2 | K73: =+F73 -> 129527
A74: 4.14 | B74: Suministro e instalación de salida de tomacorriente doble con polo a tierra GFCI, incluye cana 2400 aluminio fundido, conctores y soportes de tuberia y en si todo lo necesario para su funcionamiento. | D74: UNIDAD | E74: 3 | F74: =+APU´s!F1136 -> 280819 | G74: =ROUND(E74*F74,2) -> 842457 | J74: =+E74 -> 3 | K74: =+F74 -> 280819
A75: 5 | B75: ASEO GENERAL | J75: =+E75 -> 0 | K75: =+F75 -> 0
A76: 5.1 | B76: ASEO GENERAL Y LIMPIEZA DE OBRA INTERVENIDA | D76: M2 | E76: =13*8 -> 104 | F76: =+APU´s!F1153 -> 5582 | G76: =ROUND(E76*F76,2) -> 580528 | J76: =+E76 -> 104 | K76: =+F76 -> 5582
A77: COSTO DIRECTO OBRA | G77: =SUM(G12:H76) -> 2.2346791e+08
A78: ADMINISTRACION | F78: 0.23 | G78: =ROUND(G77*F78,2) -> 51397620
A79: IMPREVISTOS | F79: 0.01 | G79: =ROUND(G77*F79,2) -> 2234679.1
A80: UTILIDAD | F80: 0.05 | G80: =ROUND(G77*F80,2) -> 11173396
A81: IVA/Utilidad | F81: 0.19 | G81: =ROUND(G80*F81,2) -> 2122945.2
A82: TOTAL OBRA | G82: =SUM(G77:H81) -> 2.9039655e+08
A84: 6 | B84: SUMINISTROS
A85: 6.1 | B85: SUMINISTRO E INSTALACION DE AIRE ACONDICONADO INVERTER DE 12.000 BTU INCLUYE TODOS SUS ACCEOSRIOS PARA EL CORRECTO FUNCIONAMIENTO CON SOPORTES A MURO PARA CONDENSADORA. | D85: UNIDAD | E85: 4 | F85: =2367765/1.19 -> 1989718.5 | G85: =ROUND(E85*F85,2) -> 7958874
A86: COSTO DIRECTO SUMINISTRO | G86: =+G85 -> 7958874
A87: IVA | F87: 0.19 | G87: =+ROUND(G86*0.19,2) -> 1512186.1
A88: TOTAL SUMINISTRO | G88: =+G86+G87 -> 9471060
A90: TOTAL PROYECTO | G90: =+G82+G88 -> 2.9986761e+08

Sheet APU´s
A1: INSTITUTO COLOMBIANO AGROPECUARIO ICA
A2: GRUPO GESTIÓN INFRAESTRUCTURA FISICA Y MANTENIMIENTO
A3: PRESUPUESTO DE OBRA 2024
B4: INSTITUTO COLOMBIANO AGROPECUARIO ICA
B5: GRUPO GESTIÓN INFRAESTRUCTURA FISICA Y MANTENIMIENTO
B6: PRESUPUESTO DE OBRA 2024
B8: ADECUACIÓN OFICINA SECIONAL ATLANTICO
B9: ANÁLISIS DE PRECIOS UNITARIOS
A10: =+PRESUPUESTO!A14 -> 1.1 | B10: =+PRESUPUESTO!B14 -> DEMOLICION DE PISO TABLETA EN GRES EXISTENTE INCLUYE RETIRO Y DISPOSICION FINAL DE ESCOMBROS ,DEMOLICION HASTA 15 CENTIIMETROS | F10: =+PRESUPUESTO!D14 -> M2
B11: DESCRIPCIÓN | C11: UNIDAD | D11: CANT/ REND | E11: VR UNITARIO | F11: VR PARCIAL
B12: MATERIALES:
H13: =+B13 -> 0 | M13: =+C13 -> 0 | N13: =+F13 -> 0
B14: EQUIPO y HERRAMIENTAS:
B15: ALMADENA 4 LB | C15: UNIDAD | D15: 0.0015 | E15: 55709 | F15: =+D15*E15 -> 83.5635
B16: CINCEL 3/4" ACERO TEMPLADO | C16: UNIDAD | D16: 0.0015 | E16: 34437 | F16: =+D16*E16 -> 51.6555
B17: BARRA AGRÍCOLA | C17: UNIDAD | D17: 0.0015 | E17: 120197 | F17: =+D17*E17 -> 180.2955
B18: TRANSPORTE
B20: MANO de OBRA:
B21: CUADRILLA 2 AYUDANTES | C21: Día | D21: 0.0765 | E21: 179680 | F21: =+E21*D21 -> 13745.52
E22: VR COSTO DIRECTO = | F22: =ROUND(SUM(F13:F21), 0) -> 14061
A23: =+PRESUPUESTO!A30 -> 1.15 | B23: =+PRESUPUESTO!B15 -> PICADO, RASPADO Y ALISTADO DE BASE EN MURO PARA ENCHAPE DE BAÑOS INCLUYE RETIRO Y DISPOSICION FINAL DE ESCOMBROS. | F23: =+PRESUPUESTO!D15 -> M2
B24: DESCRIPCIÓN | C24: UNIDAD | D24: CANT/ REND | E24: VR UNITARIO | F24: VR PARCIAL
B25: MATERIALES:
B27: EQUIPO y HERRAMIENTAS:
B28: ANDAMIO TUBULAR CON TIJERA 1.50x1.50 m | C28: DIA | D28: 0.2 | E28: 5246 | F28: =+E28*D28 -> 1049.2
B29: ALMADANA 4 lb | C29: UNIDAD | D29: 0.0008 | E29: 55709 | F29: =+E29*D29 -> 44.5672
B30: CINCEL 3/4" ACERO TEMPLADO | C30: UNIDAD | D30: 0.0008 | E30: 34437 | F30: =+E30*D30 -> 27.5496
B31: TRANSPORTE | F31: =+E31*D31 -> 0
B32: CAMIONETA
B33: MANO de OBRA: | F33: =+E33*D33 -> 0
B34: CUADRILLA 1 AYUDANTE | C34: Día | D34: 0.04 | E34: 179680 | F34: =+E34*D34 -> 7187.2
E35: VR COSTO DIRECTO = | F35: =ROUND(SUM(F26:F34), 0) -> 8309
A36: =+PRESUPUESTO!A44 -> 1.29 | B36: =+PRESUPUESTO!B16 -> DEMOLICION DE DE MURO PARA PUERTA DE ACCESO NUEVO ENTRADA ALMACEN Y PLACA EN CONCRETO EXIISTENTE | F36: =+PRESUPUESTO!D31 -> M2
B37: DESCRIPCIÓN | C37: UNIDAD | D37: CANT/ REND | E37: VR UNITARIO | F37: VR PARCIAL
B38: MATERIALES:
B40: EQUIPO y HERRAMIENTAS:
B41: ANDAMIO TUBULAR CON TIJERA 1.50x1.50 m | C41: DIA | D41: 0.15 | E41: 5246 | F41: =+E41*D41 -> 786.9
B42: ALMADANA 4 lb | C42: UNIDAD | D42: 0.0018 | E42: 55709 | F42: =+E42*D42 -> 100.2762
B43: CINCEL 3/4" ACERO TEMPLADO | C43: UNIDAD | D43: 0.0018 | E43: 34437 | F43: =+E43*D43 -> 61.9866
B44: BARRA AGRÍCOLA | C44: UNIDAD | D44: 0.001493 | E44: 120197 | F44: =+E44*D44 -> 179.45412
B46: TRANSPORTE
B48: MANO de OBRA:
B49: CUADRILLA 2 AYUDANTES | C49: Día | D49: 0.087 | E49: 179680 | F49: =+E49*D49 -> 15632.16
E50: VR COSTO DIRECTO = | F50: =ROUND(SUM(F39:F49), 0) -> 16761
A51: =+PRESUPUESTO!A17 -> 1.4 | B51: =+PRESUPUESTO!B17 -> SUMINSTRO E INSTALACION DE PAÑETE 1:4 PARA RESANE DE VANO DE PUERTA INCLUYES FILOS Y DILATACIONES Y COMPLEMENTO EN MUROS COMPARTIDO DE BAÑOS | F51: =+PRESUPUESTO!D17 -> M2
B52: DESCRIPCIÓN | C52: UNIDAD | D52: CANT/ REND | E52: VR UNITARIO | F52: VR PARCIAL
B53: MATERIALES:
B54: MORTERO 1:4 | C54: m3 | D54: 0.026 | E54: 425444 | F54: =+E54*D54 -> 11061.544 | G54: 1.4 | H54: =+B54 -> MORTERO 1:4 | M54: =+C54 -> m3 | N54: =+F54 -> 11061.544
B55: EQUIPO y HERRAMIENTAS: | F55: =+E55*D55 -> 0
B56: CODAL DE ALUMINIO 3" x 1 1/2" x 3 m | C56: UNIDAD | D56: 0.001 | E56: 44575 | F56: =+E56*D56 -> 44.575
B57: BATEA | C57: UNIDAD | D57: 0.001 | E57: 31315 | F57: =+E57*D57 -> 31.315
B58: PALUSTRE | C58: UNIDAD | D58: 0.001 | E58: 16059 | F58: =+E58*D58 -> 16.059
B60: TRANSPORTE | F60: =+E60*D60 -> 0
B61: CAMIONETA | C61: Hr | D61: 0.02 | F61: =+E61*D61 -> 0
B62: MANO de OBRA: | F62: =+E62*D62 -> 0
B63: CUADRILLA 1 OF + 1 AY | C63: Día | D63: 0.102 | E63: 215235 | F63: =+E63*D63 -> 21953.97
E64: VR COSTO DIRECTO = | F64: =ROUND(SUM(F54:F63), 0) -> 33107
A65: =+PRESUPUESTO!A18 -> 1.5 | B65: =+PRESUPUESTO!B18 -> SUMINISTRO E INSTALACION DE MORTERO DE NIIVELACION DE 5 CMS EN PISO MORTERO 1:4 IMPERMEABILIZADO CON SIKA IMPERMEABILIZANTE INCLUYE MALLA DE REFUERZO ELECTROSOLADAD DE 4 MM HUECO 20X20 | F65: =+PRESUPUESTO!D18 -> M2
B66: DESCRIPCIÓN | C66: UNIDAD | D66: CANT/ REND | E66: VR UNITARIO | F66: VR PARCIAL
B67: MATERIALES:
B68: MORTERO 1:4 | C68: M3 | D68: 0.052 | E68: 425444 | F68: =+E68*D68 -> 22123.088 | G68: 1.5 | H68: =+B68 -> MORTERO 1:4 | M68: =+C68 -> M3 | N68: =+F68 -> 22123.088
B69: SIKA MORTERO IMPERMEABLE (Recubrimiento para impermeabiliz | C69: KL | D69: 2 | E69: =4678*1.0716 -> 5012.9448 | F69: =+E69*D69 -> 10025.89 | G69: 1.5 | H69: =+B69 -> SIKA MORTERO IMPERMEABLE (Recubrimiento para impermeabiliz | M69: =+C69 -> KL | N69: =+F69 -> 10025.89
B70: MALLA ELECTROSOLDADA 4.0 mm 20x20 cm | C70: M2 | D70: 1.03 | E70: 8070 | F70: =+E70*D70 -> 8312.1 | G70: 1.5 | H70: =+B70 -> MALLA ELECTROSOLDADA 4.0 mm 20x20 cm | M70: =+C70 -> M2 | N70: =+F70 -> 8312.1
B71: ALAMBRE NEGRO Cal. 18 | C71: KL | D71: 0.0241 | E71: 8156 | F71: =+E71*D71 -> 196.5596 | G71: 1.5 | H71: =+B71 -> ALAMBRE NEGRO Cal. 18 | M71: =+C71 -> KL | N71: =+F71 -> 196.5596
B72: EQUIPO y HERRAMIENTAS: | F72: =+E72*D72 -> 0
B73: CARRETA BUGGIE, PALA, BALDES | C73: UNIDAD | D73: 0.0007 | E73: 403564 | F73: =+E73*D73 -> 282.4948
B74: CODAL DE ALUMINIO 3" x 1 1/2" x 3 m | C74: UNIDAD | D74: 0.0007 | E74: 44575 | F74: =+E74*D74 -> 31.2025
B75: HERRAMIENTAS PARA ALBAÑIL | C75: UNIDAD | D75: 0.0007 | E75: 348121 | F75: =+E75*D75 -> 243.6847
B77: TRANSPORTE
B78: CAMIONETA
B79: MANO de OBRA:
B80: CUADRILLA 1 OF + 1 AY | C80: DIA | D80: 0.07 | E80: 215235 | F80: =+E80*D80 -> 15066.45
E81: VR COSTO DIRECTO = | F81: =ROUND(SUM(F68:F80), 0) -> 56281
A82: =+PRESUPUESTO!A19 -> 1,5 A | B82: =+PRESUPUESTO!B19 -> SUMINISTRO E INSTALACION DE CONCRETO DE 3000 PSI DE 15 CMS INCLUYE MALLA ELECTROSOLDA No 4 HUECO DE 15 X 15 PARA ANDEN COSTADO IZQUIERDOO DE LA EDIFICACION | F82: =+PRESUPUESTO!D19 -> M2
B83: DESCRIPCIÓN | C83: UNIDAD | D83: CANT/ REND | E83: VR UNITARIO | F83: VR PARCIAL
B84: MATERIALES:
B85: FORMALETA | C85: M2 | D85: 0.21 | E85: 84004 | F85: =+E85*D85 -> 17640.84 | G85: 1,5A | H85: =+B85 -> FORMALETA | M85: =+C85 -> M2 | N85: =+F85 -> 17640.84
B86: ACPM | C86: GL | D86: 0.06 | E86: 16182 | F86: =+E86*D86 -> 970.92 | G86: 1,5A | H86: =+B86 -> ACPM | M86: =+C86 -> GL | N86: =+F86 -> 970.92
B87: CONCRETO 20.7 MPa | C87: M3 | D87: 0.309 | E87: 509960 | F87: =+E87*D87 -> 157577.64 | G87: 1,5A | H87: =+B87 -> CONCRETO 20.7 MPa | M87: =+C87 -> M3 | N87: =+F87 -> 157577.64
B88: MALLA ELECTROSOLDADA 4.0 mm 20x20 cm | C88: M2 | D88: 1.03 | E88: 8070 | F88: =+E88*D88 -> 8312.1 | G88: 1,5A | H88: =+B88 -> MALLA ELECTROSOLDADA 4.0 mm 20x20 cm | M88: =+C88 -> M2 | N88: =+F88 -> 8312.1
B89: EQUIPO y HERRAMIENTAS:
B90: CARRETA BUGGIE, PALA, BALDES | C90: UNIDAD | D90: 0.0039 | E90: =332024*1.0716 -> 355796.92 | F90: =+E90*D90 -> 1387.608
B91: CODAL DE ALUMINIO 3" x 1 1/2" x 3 m | C91: UNIDAD | D91: 0.0007 | E91: 44575 | F91: =+E91*D91 -> 31.2025
B92: HERRAMIENTAS PARA ALBAÑIL | C92: UNIDAD | D92: 0.002 | E92: 348121 | F92: =+E92*D92 -> 696.242
B94: TRANSPORTE
B95: CAMIONETA
B96: MANO de OBRA:
B97: CUADRILLA 1 OF + 4 AY | C97: DIA | D97: 0.1949 | E97: 484755 | F97: =+E97*D97 -> 94478.749
E98: VR COSTO DIRECTO = | F98: =ROUND(SUM(F85:F97), 0) -> 281095
A99: 1,5B | B99: =+PRESUPUESTO!B20 -> EXCAVACION PARA ANDEN EXTERIOR INCLUYE RETIRO DE MATERIAL DE LA OBRA | F99: =+PRESUPUESTO!D20 -> M3
B100: DESCRIPCIÓN | C100: UNIDAD | D100: CANT/ REND | E100: VR UNITARIO | F100: VR PARCIAL
B101: MATERIALES:
B102: CINTA DE SEÑALIZACIÓN a=7 cm | C102: MTR | D102: 1 | E102: 195 | F102: =+E102*D102 -> 195 | G102: 1,5B | H102: =+B102 -> CINTA DE SEÑALIZACIÓN a=7 cm | M102: =+C102 -> MTR | N102: =+F102 -> 195
B103: POSTE DE SEÑALIZACIÓN EN MADERA PINTADO + MUERTO EN CONCRE | C103: UNIDAD | D103: 0.05 | E103: 23945 | F103: =+E103*D103 -> 1197.25 | G103: 1,5B | H103: =+B103 -> POSTE DE SEÑALIZACIÓN EN MADERA PINTADO + MUERTO EN CONCRE | M103: =+C103 -> UNIDAD | N103: =+F103 -> 1197.25
B104: EQUIPO y HERRAMIENTAS: | F104: =+E104*D104 -> 0
B106: CARRETA BUGGIE, PALA, ZAPAPICO | C106: UNIDAD | D106: 0.0012 | E106: 456917 | F106: =+E106*D106 -> 548.3004
B109: TRANSPORTE
B110: CAMIONETA
B111: MANO de OBRA:
B112: CUADRILLA 1 OF + 2 AY | C112: DIA | D112: 0.1204 | E112: 305075 | F112: =+E112*D112 -> 36731.03
...

Sheet AIU
A11: GRUPO GESTION DE INFRAESTRUCUTRA FISICA Y MANTENIMIENTO
A12: CALCULO DE AIU
A13: Duración obra(meses) | G13: 3
A14: I. ADMINISTRACIÓN
A15: A. PERSONAL
A16: PERSONAL | B16: CANTIDAD DE PROFESIONALES | C16: SALARIO | D16: DEDIC. | E16: FACTOR PREST. | F16: SAL. + PREST (mes) | G16: MESES | H16: COSTO TOTAL
A17: RESIDENTE DE OBRA | B17: 1 | C17: 4797871 | D17: 1 | E17: 1.55 | F17: =+C17*E17*D17 -> 7436700 | G17: 3 | H17: =+F17*G17 -> 22310100 | I17: salarios tomados de CESOF
A18: INSPECTOR SISOMA | B18: 1 | C18: 2963580 | D18: 0.4 | E18: 1.55 | F18: =+C18*E18*D18 -> 1837419.6 | G18: 3 | H18: =+F18*G18 -> 5512258.8
A19: INGENIERO ELECTRICO | B19: 1 | C19: =3251120*1.052 -> 3420178.2 | D19: 0.4 | E19: 1.55 | F19: =+C19*E19*D19 -> 2120510.5 | G19: 3 | H19: =+F19*G19 -> 6361531.5
G20: SUBTOTAL | H20: =SUM(H17:H19) -> 34183890
A21: B. FUNCIONAMIENTO
A22: DETALLE | D22: VALOR MES
A23: Oficina | G23: 3 | H23: =+D23*G23 -> 0
A24: Informática | D24: 90000 | G24: 3 | H24: =+D24*G24 -> 270000
A25: Papelería y otros | D25: 90000 | G25: 3 | H25: =+D25*G25 -> 270000
G26: SUBTOTAL | H26: =SUM(H23:H25) -> 540000
A27: C. COSTOS LEGALES
A28: DETALLE | J28: COSTO DIRECTO
A29: POLIZAS | G29: =SUM(G30:G34) -> 0.00406 | J29: 223464232
A30: Garantía de Seriedad | G30: 0.00015 | H30: =+G30*J29 -> 33519.635
A31: Estabilidad de la Obra | G31: 0.00223 | H31: =+G31*J29 -> 498325.24
A32: Salarios, Prestaciones | G32: 0.00077 | H32: =+G32*J29 -> 172067.46
A33: Cumplimiento | G33: 0.00053 | H33: =+G33*J29 -> 118436.04
A34: Responsabilidad Civil | G34: 0.00038 | H34: =+G34*J29 -> 84916.408
A35: IMPUESTOS | G35: =SUM(G36:G39) -> 0.079
A36: Pro-Universidad nacional Ley 1697 de 2013 | G36: 0.005 | H36: =+G36*J29 -> 1117321.2
A37: Impuesto ley 1106-Contribucion Especial Sobre Contratos De Obra | G37: 0.05 | H37: =+G37*J29 -> 11173212
A38: Retención en la fuente | G38: 0.02 | H38: =+G38*J29 -> 4469284.6
A39: Impuesto de Industria y Comercio | G39: 0.004 | H39: =+G39*J29 -> 893856.93
G40: SUBTOTAL | H40: =SUM(H29:H39)/2 -> 9280469.6
A41: D. RESUMEN COSTOS DE ADMINISTRACIÓN
A42: PERSONAL | H42: =+H20 -> 34183890
A43: FUNCIONAMIENTO | H43: =+H26 -> 540000
A44: COSTOS DEL CONTRATO | H44: =+H40 -> 9280469.6
A45: TOTAL, COSTOS ADMINISTRACIÓN | H45: =SUM(H42:H44) -> 44004360
A46: TOTAL, COSTOS DIRECTO | H46: =+PRESUPUESTO!G77 -> 2.2346791e+08
A47: % COSTOS ADMINISTRACIÓN | H47: =+H45*1/H46 -> 0.19691579
A48: % DE ADMINISTRACION ASUMIDO | H48: 0.19
A49: II. IMPREVISTOS | H49: 0.05
A50: III. UTILIDADES | H50: 0.05
A51: TOTAL A. I. U. | H51: =SUM(H48:H50) -> 0.29

Sheet BIENES RELEVANTES
B1: DESCRIPCIÓN | C1: UNIDAD | D1: CANTIDAD | E1: VR UNITARIO | F1: DESCRIPCION en CVS | G1: BIEN RELEVANTE
B2: MORTERO 1:4 | C2: m3 | D2: =+F2 -> Bien 1 | E2: 425444 | F2: Bien 1
B3: MORTERO 1:4 | C3: M3 | D3: 104.46 | E3: 425444 | F3: Bien 2 | G3: SI HAY PARTIDA ARANCELARIA
B4: SIKA MORTERO IMPERMEABLE (Recubrimiento para impermeabiliz | C4: KL | D4: 104.46 | E4: =4678*1.0716 -> 5012.9448 | F4: Bien 3
B5: MALLA ELECTROSOLDADA 4.0 mm 20x20 cm | C5: M2 | D5: 104.46 | E5: 8070 | F5: Bien 4
B6: ALAMBRE NEGRO Cal. 18 | C6: KL | D6: 104.46 | E6: 8156 | F6: bien 5
B7: FORMALETA | C7: M2 | D7: 17.73 | E7: 84004 | F7: Bien 6
B8: ACPM | C8: GL | D8: 17.73 | E8: 16182 | F8: Bien 7
B9: CONCRETO 20.7 MPa | C9: M3 | D9: 17.73 | E9: 509960 | F9: Bien 8
B10: MALLA ELECTROSOLDADA 4.0 mm 20x20 cm | C10: M2 | D10: 17.73 | E10: 8070 | F10: Bien 9
B11: PEGACOR GRIS | C11: KL | D11: 92.22 | E11: =1360*1.0716 -> 1457.376 | F11: Bien 10
B12: AGUA | C12: LT | D12: 92.22 | E12: =64*1.0716 -> 68.5824 | F12: Bien 11
B13: PISO ANKARA CAFE CARAS DIFERENCIADAS 60X60 | C13: M2 | D13: 92.22 | E13: 41400 | F13: Bien 12
B14: PISO CERÁMICO BUNES GRIS 60X60CM | C14: M2 | D14: 92.22 | E14: 42400 | F14: Bien 13
B15: CRUCETA PLÁSTICA | C15: UNIDAD | D15: 92.22 | E15: =31*1.0716 -> 33.2196 | F15: Bien 14
B16: BLANCO DE ZINC | C16: LB | D16: 92.22 | E16: =3465*1.0716 -> 3713.094 | F16: Bien 15
B17: ESTOPA DE LIMPIEZA (Hilaza de Algodón) | C17: KL | D17: 92.22 | E17: =8220*1.0716 -> 8808.552 | F17: Bien 16
B18: PEGACOR GRIS | C18: KL | D18: 96.92 | E18: 1680 | F18: Bien 17
B19: AGUA | C19: LT | D19: 96.92 | E19: 78 | F19: Bien 18
B20: PISO PARED ARABIA BEIGE EN FORMATO 30X60, | C20: M2 | D20: 96.92 | E20: 43130 | F20: Bien 19
B21: CRUCETA PLÁSTICA | C21: UNIDAD | D21: 96.92 | E21: 39 | F21: Bien 20
B22: BLANCO DE ZINC | C22: LB | D22: 96.92 | E22: 4280 | F22: Bien 21
B23: ESTOPA DE LIMPIEZA (Hilaza de Algodón) | C23: KL | D23: 96.92 | E23: 10316 | F23: Bien 22
B24: PEGACOR GRIS | C24: KL | D24: 28.438 | E24: 1680 | F24: Bien 23
B25: AGUA | C25: LT | D25: 28.438 | E25: 78 | F25: Bien 24
B26: FACHALETA JAEN BLANCO CARAS DIFERENCIADAS 25X41 | C26: M2 | D26: 28.438 | E26: 61800 | F26: Bien 25
B27: CRUCETA PLÁSTICA | C27: UNIDAD | D27: 28.438 | E27: 39 | F27: Bien 26
B28: BLANCO DE ZINC | C28: LB | D28: 28.438 | E28: 4280 | F28: Bien 27
B29: ESTOPA DE LIMPIEZA (Hilaza de Algodón) | C29: KL | D29: 28.438 | E29: 10316 | F29: Bien 28
B30: WIN PLÁSTICO x 2.40 m | C30: UNIDAD | D30: 28.438 | E30: 6391 | F30: Bien 29
B31: PEGACOR GRIS | C31: KL | D31: 4.1548 | E31: =1360*1.0716 -> 1457.376 | F31: Bien 30
B32: AGUA | C32: LT | D32: 4.1548 | E32: =64*1.0716 -> 68.5824 | F32: Bien 31
B33: PISO CERÁMICO MARMOL GIOTA VENATO GREY 60X60 CM | C33: M2 | D33: 4.1548 | E33: 35900 | F33: Bien 32
B34: CRUCETA PLÁSTICA | C34: UNIDAD | D34: 4.1548 | E34: 39 | F34: Bien 33
B35: BLANCO DE ZINC | C35: LB | D35: 4.1548 | E35: 4280 | F35: Bien 34
B36: ESTOPA DE LIMPIEZA (Hilaza de Algodón) | C36: KL | D36: 4.1548 | E36: 10316 | F36: Bien 35
B37: WIN PLÁSTICO x 2.40 m | C37: UNIDAD | D37: 4.1548 | E37: 6391 | F37: Bien 36
B38: LIJA DE AGUA | C38: PLIEGO | D38: 215.7849 | E38: 2078 | F38: Bien 37
B39: ESTUCOR ESTUCO PLÁSTICO | C39: KL | D39: 215.7849 | E39: 4094 | F39: Bien 38
B40: PINTURA TIPO 1 | C40: GALON | D40: 215.7849 | E40: 91956 | F40: Bien 39 | G40: NO HAY PARTIDA ARANCELARIA
B41: PLACA DE YESO 1.22 m x 2.44 m x 1/2" | C41: UNIDAD | D41: 92.2156 | E41: 48016 | F41: Bien 40
B42: FRESCASA 3 1/2" CON FOIL | C42: M2 | D42: 92.2156 | E42: 30969 | F42: Bien 41
B43: VIGUETA 0.40 mm x 2.44 m | C43: UNIDAD | D43: 92.2156 | E43: 6043 | F43: Bien 42
B44: OMEGA 0.40 mm x 2.44 m | C44: UNIDAD | D44: 92.2156 | E44: 6041 | F44: Bien 43
B45: ÁNGULO 2.50 cm x 2.50 cm 0.40 mm x 2.44 m | C45: UNIDAD | D45: 92.2156 | E45: 4111 | F45: Bien 44
B46: TORNILLO PANEL PUNTA AGUDA 6x1" | C46: UNIDAD | D46: 92.2156 | E46: 191 | F46: Bien 45
B47: TORNILLO ESTRUCTURA PUNTA AGUDA CABEZA PLANA 8x1/2" | C47: UNIDAD | D47: 92.2156 | E47: 85 | F47: Bien 46
B48: TIRO ANCLAJE ROJO | C48: UNIDAD | D48: 92.2156 | E48: 2918 | F48: Bien 47
B49: ALAMBRE GALVANIZADO Cal. 14 | C49: KL | D49: 92.2156 | E49: 8402 | F49: Bien 48
B50: SIKADUR PANEL (Adhesivo sellador de juntas rígidas en plac | C50: KL | D50: 92.2156 | E50: 92908 | F50: Bien 49
B51: CINTA PAPEL SELLAPANEL | C51: ML | D51: 92.2156 | E51: 208 | F51: Bien 50
B52: MASILLA PANEL-TEC | C52: GALON | D52: 92.2156 | E52: 14075 | F52: Bien 51
... B84: PUERTA EN VIDRIO TEMPLADO DE 10 MM | C84: UNIDAD | D84: 1 | E84: 776400 | F84: Bien 83
B85: PELÍCULA DE SAMBLASTING PARA VIDRIO DE 4 micras | C85: M2 | D85: 1 | E85: =39195*1.0716 -> 42001.362 | F85: Bien 84
B86: CHAZO CON TORNILLO 12-14 x 2" | C86: UNIDAD | D86: 1 | E86: 757 | F86: Bien 85
B87: SIKAFLEX 1A (Sellador elástico de Poliuretano) x 300 cm³ | C87: UNIDAD | D87: 1 | E87: 71866 | F87: Bien 86
B88: GUANTES DE VINILO | C88: PAR | D88: 22.6672 | E88: 918 | F88: Bien 87
B89: CINTA TEFLÓN 1/2" x 10 m | C89: UNIDAD | D89: 5 | E89: 1523 | F89: Bien 88
B90: CERRADURA DE INCRUSTRAR DE TRES BULONES | C90: UNIDAD | D90: 8 | E90: 183900 | F90: Bien 89
B91: CERRADURA INCRUSTAR 4 BULONES ROSETA BARI | C91: UNIDAD | D91: 1 | E91: 419900 | F91: Bien 90
B92: AGUA | C92: LT | D92: 1.5173 | E92: 78 | F92: Bien 91
B93: BLOQUE No. 5 ESTANDAR 30x20x12 cm | C93: UNIDAD | D93: 1.5173 | E93: 1941 | F93: Bien 92
B94: MORTERO 1:4 | C94: M3 | D94: 1.5173 | E94: 425444 | F94: Bien 93
B95: LÁMINA GALVANIZADA Cal. 26 | C95: M2 | D95: 0.6 | E95: 23668 | F95: Bien 94
B96: PUNTILLA 1 1/2" a 3" | C96: LB | D96: 0.01 | E96: 4967 | F96: Bien 95
B97: MORTERO 1:3 (Impermeabilizado) | C97: M3 | D97: 0.004 | E97: 749938 | F97: Bien 96
... B99: PINTURA ANTICORROSIVA PREMIUM | C99: GL | D99: 0.025 | E99: 89136 | F99: Bien 98
B100: VIGA IPE 200MM X 6M A572/G50 | C100: UNIDAD | D100: 78.116 | E100: 799900 | F100: Bien 99 | G100: NO HAY PARTIDA ARANCELARIA
B101: TUBO RECTANGULAR 50 X 25 X 1.1MM C18 X 6M | C101: UNIDAD | D101: 78.116 | E101: 36800 | F101: Bien 100
B102: LAMINA ALVEOLAR 6 MM 5.90X2.10 M BRONCE | C102: UNIDAD | D102: 78.116 | E102: 659900 | F102: Bien 101 | G102: SI HAY PARTIDA ARANCELARIA
B103: SOLDADURA ELÉCTRICA | C103: KL | D103: 78.116 | E103: 28051 | F103: Bien 102
B104: GUANTES DE CARNAZA | C104: PAR | D104: 78.116 | E104: 54358 | F104: Bien 103
B105: DISOLVENTE | C105: GALON | D105: 78.116 | E105: 62634 | F105: Bien 104
B106: PINTURA ANTICORROSIVA | C106: GALON | D106: 78.116 | E106: 89136 | F106: Bien 105
B107: PINTURA ESMALTE | C107: GALON | D107: 78.116 | E107: 104520 | F107: Bien 106
B108: FORMALETA | C108: M2 | D108: 3.456 | E108: =68073*1.0716 -> 72947.027 | F108: Bien 107
B109: SEPAROL N (Desformaleteante para fácil desencofre de concr | C109: KL | D109: 3.456 | E109: =13332*1.0716 -> 14286.571 | F109: Bien 108
B110: CONCRETO 20.7 Mpa (3,000 psi) | C110: M3 | D110: 3.456 | E110: 509960 | F110: Bien 109
B111: FORMALETA | C111: M2 | D111: 0.972 | E111: =68073*1.0716 -> 72947.027 | F111: Bien 110
B112: SEPAROL N (Desformaleteante para fácil desencofre de concr | C112: KL | D112: 0.972 | E112: =13332*1.0716 -> 14286.571 | F112: Bien 111
B113: CONCRETO 20.7 Mpa (3,000 psi) | C113: M3 | D113: 0.972 | E113: 509960 | F113: Bien 112
B114: ACERO Fy= 420 MPa | C114: KL | D114: 2208.4832 | E114: 5415 | F114: Bien 113
B115: ALAMBRE NEGRO #18 | C115: KL | D115: 2208.4832 | E115: 8156 | F115: Bien 114 | G115: NO HAY PARTIDA ARANCELARIA
B116: VIGA IPE 200MM X 6M A572/G50 | C116: UNIDAD | D116: 15.32 | E116: 799900 | F116: Bien 115
B117: TUBO RECTANGULAR 50 X 25 X 1.1MM C18 X 6M | C117: UNIDAD | D117: 15.32 | E117: 36800 | F117: Bien 116
B118: LAMINA ALVEOLAR 6 MM 5.90X2.10 M BRONCE | C118: UNIDAD | D118: 15.32 | E118: 659900 | F118: Bien 117
B119: SOLDADURA ELÉCTRICA | C119: KL | D119: 15.32 | E119: 28051 | F119: Bien 118
B120: GUANTES DE CARNAZA | C120: PAR | D120: 15.32 | E120: 54358 | F120: Bien 119
B121: DISOLVENTE | C121: GALON | D121: 15.32 | E121: 62634 | F121: Bien 120
B122: PINTURA ANTICORROSIVA | C122: GALON | D122: 15.32 | E122: 89136 | F122: Bien 121
B123: PINTURA ESMALTE | C123: GALON | D123: 15.32 | E123: 104520 | F123: Bien 122
B124: LISTÓN 2" x 4" | C124: ML | D124: 128.4 | E124: 5687 | F124: Bien 123
B125: LISTÓN 1" x 2" | C125: ML | D125: 128.4 | E125: 1425 | F125: Bien 124
B126: PUNTILLA 1 1/2" a 3" | C126: LB | D126: 128.4 | E126: 4967 | F126: Bien 125
B127: DISOLVENTE | C127: GALON | D127: 128.4 | E127: 62634 | F127: Bien 126
... B135: SEPAROL N (Desformaleteante para fácil desencofre de concr | C135: LT | D135: 49.648 | E135: 14174 | F135: Bien 134
B136: CONCRETO 20.7 MPa | C136: GALON | D136: 49.648 | E136: 509960 | F136: Bien 135 | G136: SI HAY PARTIDA ARANCELARIA
B137: TUBERIA CERRAMIENTO GALVANIZADO 3" | C137: UN | D137: 125.4 | E137: 45625 | F137: Bien 136
B138: SOLDADURA ELÉCTRICA | C138: KL | D138: 125.4 | E138: 28051 | F138: Bien 137
B139: GUANTES DE CARNAZA | C139: PAR | D139: 125.4 | E139: 54358 | F139: Bien 138
...

Sheet 1,1
A1: OFICINA LOCAL DE CRAVO NORTE | B1: MEMORIA DE CANTIDADES
A5: ENTIDAD | B5: =[1]Datos!B3 -> INSTITUTO COLOMBIANO AGROPECUARIO | K5: No. Contrato | M5: N/A
A6: CONTRATISTA | K6: Fecha | M6: 45439
A7: INTERVENTOR O SUPERVISOR | B7: Arq. Andres Otero
A9: Capitulo | B9: OFICINA LOCAL DE CRAVO NORTE | K9: Item: 1.1 | M9: =+PRESUPUESTO!B14 -> DEMOLICION DE PISO TABLETA EN GRES EXISTENTE INCLUYE RETIRO Y DISPOSICION FINAL DE ESCOMBROS ,DEMOLICION HASTA 15 CENTIIMETROS
A11: LOCALIZACION | B11: UBICACIÓN | C11: Dimensiones Elementos | F11: Vr. Parcial | G11: Dimensiones Vanos | J11: Vr. Parcial | K11: Vr. Total | L11: Unidad | M11: Detalle
C12: LARGO (ml) | D12: ALTO (m2) | E12: ANCHO (m3) | G12: LARGO (ml) | H12: ALTO (m2) | I12: ANCHO (m3) | W12: inicial
B13: ATENCION AL USUARIO | C13: 4.4 | E13: 4.87 | K13: =+C13*E13 -> 21.428 | L13: m2 | W13: =7.19+1.2 -> 8.39 | Y13: 4.69 | AE13: =+W13*Y13 -> 39.3491
B14: OFICINA PRINCIPAL | C14: 4.87 | E14: 4.4 | K14: =+C14*E14 -> 21.428 | W14: 4.69 | Y14: 3.81 | AE14: =+W14*Y14 -> 17.8689
B15: OFICIINA 2 | K15: =+C15*E15 -> 0 | W15: 3.04 | Y15: 3.81 | AE15: =+W15*Y15 -> 11.5824
B16: HALL BAÑOS | K16: =+C16*E16 -> 0 | W16: 3.21 | Y16: 1.37 | AE16: =+W16*Y16 -> 4.3977
B17: BAÑO 1 | K17: =+C17*E17 -> 0 | W17: 1.48 | Y17: 1.36 | AE17: =+W17*Y17 -> 2.0128
B18: BAÑO 2 | K18: =+C18*E18 -> 0 | W18: 1.4 | Y18: 1.53 | AE18: =+W18*Y18 -> 2.142
B19: ALMACEN ACCESO (anterior baño) | C19: 1.31 | E19: 2.92 | K19: =+C19*E19 -> 3.8252 | W19: 1.27 | Y19: 2.9 | AE19: =+W19*Y19 -> 3.683
B20: ALMACEN (anterior Closet 1) | C20: 0.6 | E20: 0.97 | K20: =+C20*E20 -> 0.582 | W20: 0.7 | Y20: 0.76 | AE20: =+W20*Y20 -> 0.532
B21: ALMACEN (anterior Closet 2) | C21: 0.6 | E21: 0.95 | K21: =+C21*E21 -> 0.57 | W21: 3.71 | Y21: 2.87 | AE21: =+W21*Y21 -> 10.6477
B22: ALMACEN (antereior acceso a baño desde habitacion) | C22: 0.68 | E22: 0.75 | K22: =+C22*E22 -> 0.51
B23: ALMACEN NUEVO (anterior habitacion) | C23: 2.85 | E23: 3.07 | K23: =+C23*E23 -> 8.7495
M27: Notas:
A38: TOTAL | J38: =SUM(J13:J37) -> 0 | K38: =SUM(K13:K37) -> 57.0927 | L38: =+'[2]PRESUPUESTO (en construccion)'!D18 -> M2
A40: Firma | J40: Interventor / Supervisor
A41: Contratista

Sheet 1,2
A1: OFICINA LOCAL DE CRAVO NORTE | B1: MEMORIA DE CANTIDADES
A5: ENTIDAD | B5: =[1]Datos!B3 -> INSTITUTO COLOMBIANO AGROPECUARIO | K5: No. Contrato | M5: N/A
A6: CONTRATISTA | K6: Fecha | M6: 45439
A7: INTERVENTOR O SUPERVISOR | B7: Arq. Andres Otero
A9: Capitulo | B9: OFICINA LOCAL DE CRAVO NORTE | K9: Item: 1.2 | M9: =+PRESUPUESTO!B15 -> PICADO, RASPADO Y ALISTADO DE BASE EN MURO PARA ENCHAPE DE BAÑOS INCLUYE RETIRO Y DISPOSICION FINAL DE ESCOMBROS.
A11: LOCALIZACION | B11: UBICACIÓN | C11: Dimensiones Elementos | F11: Vr. Parcial | G11: Dimensiones Vanos | J11: Vr. Parcial | K11: Vr. Total | L11: Unidad | M11: Detalle
C12: LARGO (ml) | D12: ALTO (m2) | E12: ANCHO (m3) | G12: LARGO (ml) | H12: ALTO (m2) | I12: ANCHO (m3)
B13: BAÑO 1 | C13: 1.39 | E13: 2.95 | K13: =+C13*E13 -> 4.1005 | L13: m2 | X13: 1.39 | Z13: 2.95 | AF13: =+X13*Z13 -> 4.1005
C14: 1.41 | E14: 2.95 | K14: =+C14*E14 -> 4.1595 | X14: 1.41 | Z14: 2.95 | AF14: =+X14*Z14 -> 4.1595
C15: 1.39 | E15: 2.95 | K15: =+C15*E15 -> 4.1005 | X15: 1.39 | Z15: 2.95 | AF15: =+X15*Z15 -> 4.1005
C16: 0.66 | E16: 2.95 | K16: =+C16*E16 -> 1.947 | X16: 0.66 | Z16: 2.95 | AF16: =+X16*Z16 -> 1.947
B17: BAÑO 2 | C17: 1.39 | E17: 2.95 | K17: =+C17*E17 -> 4.1005 | X17: 1.39 | Z17: 2.95 | AF17: =+X17*Z17 -> 4.1005
C18: 1.35 | E18: 2.95 | K18: =+C18*E18 -> 3.9825 | X18: 1.35 | Z18: 2.95 | AF18: =+X18*Z18 -> 3.9825
C19: 1.39 | E19: 2.95 | K19: =+C19*E19 -> 4.1005 | X19: 1.39 | Z19: 2.95 | AF19: =+X19*Z19 -> 4.1005
C20: 0.66 | E20: 2.95 | K20: =+C20*E20 -> 1.947 | X20: 0.66 | Z20: 2.95 | AF20: =+X20*Z20 -> 1.947
B21: BAÑO ALMACEN | C21: 2.9 | E21: 2.95 | K21: =+C21*E21 -> 8.555 | X21: 2.9 | Z21: 2.95 | AF21: =+X21*Z21 -> 8.555
C22: 1.27 | E22: 2.95 | K22: =+C22*E22 -> 3.7465 | X22: 1.27 | Z22: 2.95 | AF22: =+X22*Z22 -> 3.7465
C23: 1.15 | E23: 2.95 | K23: =+C23*E23 -> 3.3925 | X23: 1.15 | Z23: 2.95 | AF23: =+X23*Z23 -> 3.3925
C24: 0.76 | E24: 2.95 | K24: =+C24*E24 -> 2.242 | X24: 0.76 | Z24: 2.95 | AF24: =+X24*Z24 -> 2.242
C25: 0.76 | E25: 2.95 | K25: =+C25*E25 -> 2.242 | X25: 0.76 | Z25: 2.95 | AF25: =+X25*Z25 -> 2.242
C26: 1.08 | E26: 2.95 | K26: =+C26*E26 -> 3.186 | X26: 1.08 | Z26: 2.95 | AF26: =+X26*Z26 -> 3.186
C27: 1.27 | E27: 2.95 | K27: =+C27*E27 -> 3.7465 | M27: Notas: | X27: 1.27 | Z27: 2.95 | AF27: =+X27*Z27 -> 3.7465
A38: TOTAL | J38: =SUM(J13:J37) -> 0 | K38: =SUM(K13:K37) -> 55.5485 | L38: =+'[2]PRESUPUESTO (en construccion)'!D18 -> M2
A40: Firma | J40: Interventor / Supervisor
A41: Contratista

Sheet 1,3
A1: OFICINA LOCAL DE CRAVO NORTE | B1: MEMORIA DE CANTIDADES
A5: ENTIDAD | B5: =[1]Datos!B3 -> INSTITUTO COLOMBIANO AGROPECUARIO | K5: No. Contrato | M5: N/A
A6: CONTRATISTA | K6: Fecha | M6: 45439
A7: INTERVENTOR O SUPERVISOR | B7: Arq. Andres Otero
A9: Capitulo | B9: OFICINA LOCAL DE CRAVO NORTE | K9: Item: 1.3 | M9: =+PRESUPUESTO!B16 -> DEMOLICION DE DE MURO PARA PUERTA DE ACCESO NUEVO ENTRADA ALMACEN Y PLACA EN CONCRETO EXIISTENTE
A11: LOCALIZACION | B11: UBICACIÓN | C11: Dimensiones Elementos | F11: Vr. Parcial | G11: Dimensiones Vanos | J11: Vr. Parcial | K11: Vr. Total | L11: Unidad | M11: Detalle
C12: LARGO (ml) | D12: ALTO (m2) | E12: ANCHO (m3) | G12: LARGO (ml) | H12: ALTO (m2) | I12: ANCHO (m3)
B13: ALMACEN - ATENCION AL USUARIO | C13: 2 | E13: 0.8 | K13: =+C13*E13 -> 1.6 | L13: m2
B14: PLACA EN CONCRETO EXISTENTE | C14: 8.24 | E14: 2 | K14: =+C14*E14 -> 16.48
K15: =+C15*E15 -> 0
K16: =+C16*E16 -> 0
K17: =+C17*E17 -> 0
K18: =+C18*E18 -> 0
K19: =+C19*E19 -> 0
K20: =+C20*E20 -> 0
K21: =+C21*E21 -> 0
M27: Notas:
A38: TOTAL | J38: =SUM(J13:J37) -> 0 | K38: =SUM(K13:K37) -> 18.08 | L38: =+'[2]PRESUPUESTO (en construccion)'!D18 -> M2
A40: Firma | J40: Interventor / Supervisor
A41: Contratista

Sheet 1,4
A1: OFICINA LOCAL DE CRAVO NORTE | B1: MEMORIA DE CANTIDADES
A5: ENTIDAD | B5: =[1]Datos!B3 -> INSTITUTO COLOMBIANO AGROPECUARIO | K5: No. Contrato | M5: N/A
A6: CONTRATISTA | K6: Fecha | M6: 45439
A7: INTERVENTOR O SUPERVISOR | B7: Arq. Andres Otero
A9: Capitulo | B9: OFICINA LOCAL DE CRAVO NORTE | K9: Item: 1.4 | M9: =+PRESUPUESTO!B17 -> SUMINSTRO E INSTALACION DE PAÑETE 1:4 PARA RESANE DE VANO DE PUERTA INCLUYES FILOS Y DILATACIONES Y COMPLEMENTO EN MUROS COMPARTIDO DE BAÑOS
A11: LOCALIZACION | B11: UBICACIÓN | C11: Dimensiones Elementos | F11: Vr. Parcial | G11: Dimensiones Vanos | J11: Vr. Parcial | K11: Vr. Total | L11: Unidad | M11: Detalle
C12: LARGO (ml) | D12: ALTO (m2) | E12: ANCHO (m3) | G12: LARGO (ml) | H12: ALTO (m2) | I12: ANCHO (m3)
B13: ALMACEN - ATENCION AL USUARIO | C13: =2+2+0.8 -> 4.8 | E13: 1 | K13: =+C13*E13 -> 4.8 | L13: M2
B14: BAÑO ALMACEN | C14: 2.9 | E14: 2.95 | K14: =+C14*E14 -> 8.555
C15: 1.27 | E15: 2.95 | K15: =+C15*E15 -> 3.7465
C16: 1.15 | E16: 2.95 | K16: =+C16*E16 -> 3.3925
C17: 0.76 | E17: 2.95 | K17: =+C17*E17 -> 2.242
C18: 0.76 | E18: 2.95 | K18: =+C18*E18 -> 2.242
C19: 1.08 | E19: 2.95 | K19: =+C19*E19 -> 3.186
C20: 1.27 | E20: 2.95 | K20: =+C20*E20 -> 3.7465
B21: CUCHILLA DIVISORIA EN BAÑOS | C21: 2.9 | D21: 0.5 | E21: 2 | K21: =+C21*D21/E21 -> 0.725
B22: CMPLEMETO DE MURO EN BAÑO | C22: 1.39 | D22: 0.57 | K22: =+C22*D22 -> 0.7923
M27: Notas:
A38: TOTAL | J38: =SUM(J13:J37) -> 0 | K38: =SUM(K13:K37) -> 33.4278 | L38: M2
A40: Firma | J40: Interventor / Supervisor
A41: Contratista

Sheet 1,5
A1: OFICINA LOCAL DE CRAVO NORTE | B1: MEMORIA DE CANTIDADES
A5: ENTIDAD | B5: =[1]Datos!B3 -> INSTITUTO COLOMBIANO AGROPECUARIO | K5: No. Contrato | M5: N/A
A6: CONTRATISTA | K6: Fecha | M6: 45439
A7: INTERVENTOR O SUPERVISOR | B7: Arq. Andres Otero
A9: Capitulo | B9: OFICINA LOCAL DE CRAVO NORTE | K9: Item: 1.5 | M9: =+PRESUPUESTO!B18 -> SUMINISTRO E INSTALACION DE MORTERO DE NIIVELACION DE 5 CMS EN PISO MORTERO 1:4 IMPERMEABILIZADO CON SIKA IMPERMEABILIZANTE INCLUYE MALLA DE REFUERZO ELECTROSOLADAD DE 4 MM HUECO 20X20
A11: LOCALIZACION | B11: UBICACIÓN | C11: Dimensiones Elementos | F11: Vr. Parcial | G11: Dimensiones Vanos | J11: Vr. Parcial | K11: Vr. Total | L11: Unidad | M11: Detalle
C12: LARGO (ml) | D12: ALTO (m2) | E12: ANCHO (m3) | G12: LARGO (ml) | H12: ALTO (m2) | I12: ANCHO (m3)
B13: ATENCION AL USUARIO | C13: =7.19+1.2 -> 8.39 | E13: 4.69 | K13: =+C13*E13 -> 39.3491 | L13: M2
B14: OFICCNA PRINCIPAL | C14: 4.69 | E14: 3.81 | K14: =+C14*E14 -> 17.8689
B15: OFICIINA 2 | C15: 3.04 | E15: 3.81 | K15: =+C15*E15 -> 11.5824
B16: HALL BAÑOS | C16: 3.21 | E16: 1.37 | K16: =+C16*E16 -> 4.3977
B17: BAÑO 1 | C17: 1.48 | E17: 1.36 | K17: =+C17*E17 -> 2.0128
B18: BAÑO 2 | C18: 1.4 | E18: 1.53 | K18: =+C18*E18 -> 2.142
B19: ALMACEN 1 | C19: 1.27 | E19: 2.9 | K19: =+C19*E19 -> 3.683
B20: ACCESO ENTRE ALMACEN 1 Y 2 | C20: 0.7 | E20: 0.76 | K20: =+C20*E20 -> 0.532
B21: ALMACEN PRINCIPAL | C21: 3.71 | E21: 2.87 | K21: =+C21*E21 -> 10.6477
B22: ANDEN COSTADO IZQUIERDO | C22: =8.24+2+2 -> 12.24 | E22: 1 | K22: =+C22*E22 -> 12.24
M27: Notas:
A38: TOTAL | J38: =SUM(J13:J37) -> 0 | K38: =SUM(K13:K37) -> 104.4556 | L38: M2
A40: Firma | J40: Interventor / Supervisor
A41: Contratista

Sheet 1,5 A
A1: OFICINA LOCAL DE CRAVO NORTE | B1: MEMORIA DE CANTIDADES
A5: ENTIDAD | B5: =[1]Datos!B3 -> INSTITUTO COLOMBIANO AGROPECUARIO | K5: No. Contrato | M5: N/A
A6: CONTRATISTA | K6: Fecha | M6: 45439
A7: INTERVENTOR O SUPERVISOR | B7: Arq. Andres Otero
A9: Capitulo | B9: OFICINA LOCAL DE CRAVO NORTE | K9: Item: 1.5A | M9: =+PRESUPUESTO!B19 -> SUMINISTRO E INSTALACION DE CONCRETO DE 3000 PSI DE 15 CMS INCLUYE MALLA ELECTROSOLDA No 4 HUECO DE 15 X 15 PARA ANDEN COSTADO IZQUIERDOO DE LA EDIFICACION
A11: LOCALIZACION | B11: UBICACIÓN | C11: Dimensiones Elementos | F11: Vr. Parcial | G11: Dimensiones Vanos | J11: Vr. Parcial | K11: Vr. Total | L11: Unidad | M11: Detalle
C12: LARGO (ml) | D12: ALTO (m2) | E12: ANCHO (m3) | G12: LARGO (ml) | H12: ALTO (m2) | I12: ANCHO (m3)
L13: M2
B22: ANDEN COSTADO IZQUIERDO | C22: =8.24+2+2 -> 12.24 | E22: 1 | K22: =+C22*E22 -> 12.24
B23: RELLENO LATERAL DERECHO PLACA DE ACCESO | C23: 9.15 | E23: 0.3 | K23: =+C23*E23 -> 2.745
B24: RELLENO LATERAL IOZQUIERDO PLACA DE ACCESO | C24: 9.15 | E24: 0.3 | K24: =+C24*E24 -> 2.745
M27: Notas:
A38: TOTAL | J38: =SUM(J13:J37) -> 0 | K38: =SUM(K13:K37) -> 17.73 | L38: M2
A40: Firma | J40: Interventor / Supervisor
A41: Contratista

Sheet 1,5 B
A1: OFICINA LOCAL DE CRAVO NORTE | B1: MEMORIA DE CANTIDADES
A5: ENTIDAD | B5: =[1]Datos!B3 -> INSTITUTO COLOMBIANO AGROPECUARIO | K5: No. Contrato | M5: N/A
A6: CONTRATISTA | K6: Fecha | M6: 45439
A7: INTERVENTOR O SUPERVISOR | B7: Arq. Andres Otero
A9: Capitulo | B9: OFICINA LOCAL DE CRAVO NORTE | K9: Item: 1.5B | M9: =+PRESUPUESTO!B20 -> EXCAVACION PARA ANDEN EXTERIOR INCLUYE RETIRO DE MATERIAL DE LA OBRA
A11: LOCALIZACION | B11: UBICACIÓN | C11: Dimensiones Elementos | F11: Vr. Parcial | G11: Dimensiones Vanos | J11: Vr. Parcial | K11: Vr. Total | L11: Unidad | M11: Detalle
C12: LARGO (ml) | D12: ALTO (m2) | E12: ANCHO (m3) | G12: LARGO (ml) | H12: ALTO (m2) | I12: ANCHO (m3)
L13: M3
B22: ANDEN COSTADO IZQUIERDO | C22: =8.24+2+2 -> 12.24 | D22: 0.2 | E22: 1 | K22: =+C22*D22*E22 -> 2.448
M27: Notas:
A38: TOTAL | J38: =SUM(J13:J37) -> 0 | K38: =SUM(K13:K37) -> 2.448 | L38: M3
A40: Firma | J40: Interventor / Supervisor
A41: Contratista

Sheet 1,6
A1: OFICINA LOCAL DE CRAVO NORTE | B1: MEMORIA DE CANTIDADES
A5: ENTIDAD | B5: =[1]Datos!B3 -> INSTITUTO COLOMBIANO AGROPECUARIO | K5: No. Contrato | M5: N/A
A6: CONTRATISTA | K6: Fecha | M6: 45439
A7: INTERVENTOR O SUPERVISOR | B7: Arq. Andres Otero
A9: Capitulo | B9: OFICINA LOCAL DE CRAVO NORTE | K9: Item: 1.6 | M9: =+PRESUPUESTO!B21 -> SUMINISTRO E INSTALACION DE PISO ANKARA CAFE CARAS DIFERENCIADAS 60X60 Y PISO CERÁMICO BUNES GRIS 60X60CM INSTALACION A DOS TONOS DIFERENCIANDO AREAS DE TRABAJO. SEGÚN DISEÑO
A11: LOCALIZACION | B11: UBICACIÓN | C11: Dimensiones Elementos | F11: Vr. Parcial | G11: Dimensiones Vanos | J11: Vr. Parcial | K11: Vr. Total | L11: Unidad | M11: Detalle
C12: LARGO (ml) | D12: ALTO (m2) | E12: ANCHO (m3) | G12: LARGO (ml) | H12: ALTO (m2) | I12: ANCHO (m3)
B13: ATENCION AL USUARIO | C13: =7.19+1.2 -> 8.39 | E13: 4.69 | K13: =+C13*E13 -> 39.3491 | L13: M2
B14: OFICCNA PRINCIPAL | C14: 4.69 | E14: 3.81 | K14: =+C14*E14 -> 17.8689
B15: OFICIINA 2 | C15: 3.04 | E15: 3.81 | K15: =+C15*E15 -> 11.5824
B16: HALL BAÑOS | C16: 3.21 | E16: 1.37 | K16: =+C16*E16 -> 4.3977
B17: BAÑO 1 | C17: 1.48 | E17: 1.36 | K17: =+C17*E17 -> 2.0128
B18: BAÑO 2 | C18: 1.4 | E18: 1.53 | K18: =+C18*E18 -> 2.142
B19: ALMACEN 1 | C19: 1.27 | E19: 2.9 | K19: =+C19*E19 -> 3.683
B20: ACCESO ENTRE ALMACEN 1 Y 2 | C20: 0.7 | E20: 0.76 | K20: =+C20*E20 -> 0.532
B21: ALMACEN PRINCIPAL | C21: 3.71 | E21: 2.87 | K21: =+C21*E21 -> 10.6477
M27: Notas:
A38: TOTAL | J38: =SUM(J13:J37) -> 0 | K38: =SUM(K13:K37) -> 92.2156 | L38: M2
A40: Firma | J40: Interventor / Supervisor
A41: Contratista

Sheet 1,7
A1: OFICINA LOCAL DE CRAVO NORTE | B1: MEMORIA DE CANTIDADES
A5: ENTIDAD | B5: =[1]Datos!B3 -> INSTITUTO COLOMBIANO AGROPECUARIO | K5: No. Contrato | M5: N/A
A6: CONTRATISTA | K6: Fecha | M6: 45439
A7: INTERVENTOR O SUPERVISOR | B7: Arq. Andres Otero
A9: Capitulo | B9: OFICINA LOCAL DE CRAVO NORTE | K9: Item: 1.7 | M9: =+PRESUPUESTO!B22 -> SUMINISTRO E INSTALCION DE PORCELANATO TRAFICO PESADO ANTIDESLIZANTE PISO CERÁMICO PISO PARED ARABIA BEIGE EN FORMATO 30X60, CORREDORES EXTERIORES
A11: LOCALIZACION | B11: UBICACIÓN | C11: Dimensiones Elementos | F11: Vr. Parcial | G11: Dimensiones Vanos | J11: Vr. Parcial | K11: Vr. Total | L11: Unidad | M11: Detalle
C12: LARGO (ml) | D12: ALTO (m2) | E12: ANCHO (m3) | G12: LARGO (ml) | H12: ALTO (m2) | I12: ANCHO (m3)
B13: ANDEN FACHADA PRINCIPAL | C13: =1.08+13.34+1 -> 15.42 | E13: 2 | K13: =+C13*E13 -> 30.84 | L13: M2
B14: ANDEN FACHADA POSTERIOR | C14: =1.08+13.34+1 -> 15.42 | E14: 2.08 | K14: =+C14*E14 -> 32.0736
B15: COSTADO LATERAL DERECHO | C15: 8.24 | E15: 1 | K15: =+C15*E15 -> 8.24
B16: COSTADO LATERAL IZQUIERDO | C16: 8.24 | E16: 1.08 | K16: =+C16*E16 -> 8.8992
B17: ENTRADA ACCESO PPAL | C17: 9.12 | E17: 1.85 | K17: =+C17*E17 -> 16.872
K18: =+C18*E18 -> 0
K19: =+C19*E19 -> 0
K20: =+C20*E20 -> 0
K21: =+C21*E21 -> 0
M27: Notas:
A38: TOTAL | J38: =SUM(J13:J37) -> 0 | K38: =SUM(K13:K37) -> 96.9248 | L38: M2
A40: Firma | J40: Interventor / Supervisor
A41: Contratista

Sheet 1,8
A1: OFICINA LOCAL DE CRAVO NORTE | B1: MEMORIA DE CANTIDADES
A5: ENTIDAD | B5: =[1]Datos!B3 -> INSTITUTO COLOMBIANO AGROPECUARIO | K5: No. Contrato | M5: N/A
A6: CONTRATISTA | K6: Fecha | M6: 45439
A7: INTERVENTOR O SUPERVISOR | B7: Arq. Andres Otero
A9: Capitulo | B9: OFICINA LOCAL DE CRAVO NORTE | K9: Item: 1.8 | M9: =+PRESUPUESTO!B23 -> SUMINISTRO E INSTALACION DE ENCHAPE MURO PARA BAÑO FACHALETA JAEN BLANCO CARAS DIFERENCIADAS 25X41 INCLUYE Y MATERIAL DE PEGA Y BOQUILLA Y WIN PLASTICOPARA ESQUINAS
A11: LOCALIZACION | B11: UBICACIÓN | C11: Dimensiones Elementos | F11: Vr. Parcial | G11: Dimensiones Vanos | J11: Vr. Parcial | K11: Vr. Total | L11: Unidad | M11: Detalle
C12: LARGO (ml) | D12: ALTO (m2) | E12: ANCHO (m3) | G12: LARGO (ml) | H12: ALTO (m2) | I12: ANCHO (m3)
B13: BAÑO 1 | C13: 1.39 | E13: 2.95 | K13: =+C13*E13 -> 4.1005 | L13: m2
C14: 1.41 | E14: 2.95 | K14: =+C14*E14 -> 4.1595
C15: 1.39 | E15: 2.95 | K15: =+C15*E15 -> 4.1005
C16: 0.66 | E16: 2.95 | K16: =+C16*E16 -> 1.947
B17: BAÑO 2 | C17: 1.39 | E17: 2.95 | K17: =+C17*E17 -> 4.1005
C18: 1.35 | E18: 2.95 | K18: =+C18*E18 -> 3.9825
C19: 1.39 | E19: 2.95 | K19: =+C19*E19 -> 4.1005
C20: 0.66 | E20: 2.95 | K20: =+C20*E20 -> 1.947
K21: =+C21*E21 -> 0
M27: Notas:
A38: TOTAL | J38: =SUM(J13:J37) -> 0 | K38: =SUM(K13:K37) -> 28.438 | L38: =+'[2]PRESUPUESTO (en construccion)'!D18 -> M2
A40: Firma | J40: Interventor / Supervisor
A41: Contratista

Sheet 1,9
A1: OFICINA LOCAL DE CRAVO NORTE | B1: MEMORIA DE CANTIDADES
A5: ENTIDAD | B5: =[1]Datos!B3 -> INSTITUTO COLOMBIANO AGROPECUARIO | K5: No. Contrato | M5: N/A
A6: CONTRATISTA | K6: Fecha | M6: 45439
A7: INTERVENTOR O SUPERVISOR | B7: Arq. Andres Otero
A9: Capitulo | B9: OFICINA LOCAL DE CRAVO NORTE | K9: Item: 1.6 | M9: =+PRESUPUESTO!B21 -> SUMINISTRO E INSTALACION DE PISO ANKARA CAFE CARAS DIFERENCIADAS 60X60 Y PISO CERÁMICO BUNES GRIS 60X60CM INSTALACION A DOS TONOS DIFERENCIANDO AREAS DE TRABAJO. SEGÚN DISEÑO
A11: LOCALIZACION | B11: UBICACIÓN | C11: Dimensiones Elementos | F11: Vr. Parcial | G11: Dimensiones Vanos | J11: Vr. Parcial | K11: Vr. Total | L11: Unidad | M11: Detalle
C12: LARGO (ml) | D12: ALTO (m2) | E12: ANCHO (m3) | G12: LARGO (ml) | H12: ALTO (m2) | I12: ANCHO (m3)
B13: BAÑO 1 | C13: 1.48 | E13: 1.36 | K13: =+C13*E13 -> 2.0128
B14: BAÑO 2 | C14: 1.4 | E14: 1.53 | K14: =+C14*E14 -> 2.142
M23: Notas:
A34: TOTAL | J34: =SUM(J13:J33) -> 0 | K34: =SUM(K13:K33) -> 4.1548 | L34: M2
A36: Firma | J36: Interventor / Supervisor
A37: Contratista

Sheet 1,10
A1: OFICINA LOCAL DE CRAVO NORTE | B1: MEMORIA DE CANTIDADES
A5: ENTIDAD | B5: =[1]Datos!B3 -> INSTITUTO COLOMBIANO AGROPECUARIO | K5: No. Contrato | M5: N/A
A6: CONTRATISTA | K6: Fecha | M6: 45439
A7: INTERVENTOR O SUPERVISOR | B7: Arq. Andres Otero
A9: Capitulo | B9: OFICINA LOCAL DE CRAVO NORTE | K9: Item: 1.10 | M9: =+PRESUPUESTO!B25 -> APLICACIÓN DE PINTURA Y ESTUCO GENERAL PARA INTERIOR EN VINILO TIPO 1 EN MUROS. INCLUYE LIMPIEZA , RASPADO, RESANES, LIJADO FILOS EN ESCUADRAS DE MUROS DE VENTANA Y PUERTAS
A11: LOCALIZACION | B11: UBICACIÓN | C11: Dimensiones Elementos | F11: Vr. Parcial | G11: Dimensiones Vanos | J11: Vr. Parcial | K11: Vr. Total | L11: Unidad | M11: Detalle
C12: LARGO (ml) | D12: ALTO (m2) | E12: ANCHO (m3) | G12: LARGO (ml) | H12: ALTO (m2) | I12: ANCHO (m3)
B13: ATENCION AL USUARIO | L13: m2
B14: M1 | C14: 6.82 | D14: 3.33 | K14: =+C14*D14-J15 -> 21.1106
B15: M1 MENOS PUERTA | H15: 2 | I15: 0.8 | J15: =+H15*I15 -> 1.6 | K15: =+C15*E15 -> 0
B16: M2 | C16: 4.85 | D16: 2.95 | K16: =+C16*D16 -> 14.3075
B17: M3 | C17: =6.82+1.2 -> 8.02 | D17: 2.49 | K17: =+C17*D17-J18-J19-J20 -> 13.8977
B18: M3 MENOS VENTANA | H18: 1.95 | I18: 1.08 | J18: =+H18*I18 -> 2.106 | K18: =+C18*E18 -> 0
B19: M3 MENOS VENTANA | H19: 1.95 | I19: 1.08 | J19: =+H19*I19 -> 2.106 | K19: =+C19*E19 -> 0
B20: M3 MENOS PUERTA | H20: 2.09 | I20: 0.89 | J20: =+H20*I20 -> 1.8601 | K20: =+C20*E20 -> 0
B21: M4 | C21: 3.79 | D21: 2.95 | K21: =+C21*D21 -> 11.1805
B22: M5 | C22: 3.79 | D22: 2.95 | K22: =+C22*D22 -> 11.1805
B23: M6 | C23: 4.84 | D23: 2.53 | K23: =+C23*D23-J24 -> 10.0852
B24: M6 MENOS VENTANA | H24: 2 | I24: 1.08 | J24: =+H24*I24 -> 2.16
B25: M7 | C25: 4.7 | D25: 2.97 | K25: =+C25*D25 -> 13.959
B26: M8 | C26: 4.8 | D26: 3.35 | K26: =+C26*D26 -> 16.08
B27: M9 | C27: 4.8 | D27: 3.35 | K27: =+C27*D27 -> 16.08 | M27: Notas:
B28: M10 | C28: 3.06 | D28: 2.92 | K28: =+C28*D28 -> 8.9352
B29: M11 | C29: 4.8 | D29: 2.52 | K29: =+C29*D29-J30 -> 10.1196
B30: M11 MENOS VENTANA | H30: 1.83 | I30: 1.08 | J30: =+H30*I30 -> 1.9764
B31: M12 | C31: 1.97 | D31: 2.92 | K31: =+C31*D31 -> 5.7524
B32: M13 | C32: 1.2 | D32: 2.52 | K32: =+C32*D32-J33 -> 1.1012
B33: M13 MENOS PUERTA | H33: 2.09 | I33: 0.92 | J33: =+H33*I33 -> 1.9228
B34: M14 | C34: 1.97 | D34: 2.92 | K34: =+C34*D34 -> 5.7524
B35: M15 MURO BAÑOS | C35: 1.47 | D35: 2.95 | K35: =+C35*D35 -> 4.3365
B36: M16 | C36: 2.9 | D36: 2.95 | K36: =+C36*D36 -> 8.555
B37: M17 | C37: 1.27 | D37: 2.52 | K37: =+C37*D37-J38 -> 2.6204
B38: M17 MENOS VENTANA | H38: 1.16 | I38: 0.5 | J38: =+H38*I38 -> 0.58
B39: M18 | C39: 1.27 | D39: 2.52 | K39: =+C39*D39-J40 -> 1.6004
B40: M18 MENOS PUERTA | H40: 2 | I40: 0.8 | J40: =+H40*I40 -> 1.6
B41: M19 | C41: 3.71 | D41: 3.35 | K41: =+C41*D41 -> 12.4285
B42: M20 | C42: 3.69 | D42: 2.52 | K42: =+C42*D42-J43-J44 -> 5.5508
B43: M20 MENOS PUERTA | H43: 2.09 | I43: 0.92 | J43: =+H43*I43 -> 1.9228
B44: M20 MENOS VENTANA | H44: 1.69 | I44: 1.08 | J44: =+H44*I44 -> 1.8252
B45: CLOSET 1 | C45: =1.15+0.76+0.15+0.6+0.96 -> 3.62 | D45: 2.95 | K45: =+C45*D45 -> 10.679
B46: CCLOSET 2 | C46: =1.08+0.76+0.15+0.6+0.96 -> 3.55 | D46: 2.95 | K46: =+C46*D46 -> 10.4725
A50: TOTAL | J50: =SUM(J13:J49) -> 19.6593 | K50: =SUM(K13:K49) -> 215.7849 | L50: =+'[2]PRESUPUESTO (en construccion)'!D18 -> M2
A52: Firma | J52: Interventor / Supervisor
A53: Contratista

Sheet 1,11
A1: OFICINA LOCAL DE CRAVO NORTE | B1: MEMORIA DE CANTIDADES
A5: ENTIDAD | B5: =[1]Datos!B3 -> INSTITUTO COLOMBIANO AGROPECUARIO | K5: No. Contrato | M5: N/A
A6: CONTRATISTA | K6: Fecha | M6: 45439
A7: INTERVENTOR O SUPERVISOR | B7: Arq. Andres Otero
A9: Capitulo | B9: OFICINA LOCAL DE CRAVO NORTE | K9: Item: 1.11 | M9: =+PRESUPUESTO!B26 -> DESMONTE DE CIELO FALSO EXISTENTE DE IMATERIAL DE ICOPOR , DESMONTE DE ESTRCUTURA SOPORTE , INCLUYE RETIRO Y DISPOSICION FINAL DE ESCOMBROS
A11: LOCALIZACION | B11: UBICACIÓN | C11: Dimensiones Elementos | F11: Vr. Parcial | G11: Dimensiones Vanos | J11: Vr. Parcial | K11: Vr. Total | L11: Unidad | M11: Detalle
C12: LARGO (ml) | D12: ALTO (m2) | E12: ANCHO (m3) | G12: LARGO (ml) | H12: ALTO (m2) | I12: ANCHO (m3)
B13: ATENCION AL USUARIO | C13: =7.19+1.2 -> 8.39 | E13: 4.69 | K13: =+C13*E13 -> 39.3491 | L13: M2 | W13: ATENCION AL USUARIO | X13: =7.19+1.2 -> 8.39 | Z13: 4.69 | AF13: =+X13*Z13 -> 39.3491
B14: OFICCNA PRINCIPAL | C14: 4.69 | E14: 3.81 | K14: =+C14*E14 -> 17.8689 | W14: OFICCNA PRINCIPAL | X14: 4.69 | Z14: 3.81 | AF14: =+X14*Z14 -> 17.8689
B15: OFICIINA 2 | C15: 3.04 | E15: 3.81 | K15: =+C15*E15 -> 11.5824 | W15: OFICIINA 2 | X15: 3.04 | Z15: 3.81 | AF15: =+X15*Z15 -> 11.5824
B16: HALL BAÑOS | C16: 3.21 | E16: 1.37 | K16: =+C16*E16 -> 4.3977 | W16: HALL BAÑOS | X16: 3.21 | Z16: 1.37 | AF16: =+X16*Z16 -> 4.3977
B17: BAÑO 1 | C17: 1.48 | E17: 1.36 | K17: =+C17*E17 -> 2.0128 | W17: BAÑO 1 | X17: 1.48 | Z17: 1.36 | AF17: =+X17*Z17 -> 2.0128
B18: BAÑO 2 | C18: 1.4 | E18: 1.53 | K18: =+C18*E18 -> 2.142 | W18: BAÑO 2 | X18: 1.4 | Z18: 1.53 | AF18: =+X18*Z18 -> 2.142
B19: ALMACEN 1 | C19: 1.27 | E19: 2.9 | K19: =+C19*E19 -> 3.683 | W19: ALMACEN 1 | X19: 1.27 | Z19: 2.9 | AF19: =+X19*Z19 -> 3.683
B20: ACCESO ENTRE ALMACEN 1 Y 2 | C20: 0.7 | E20: 0.76 | K20: =+C20*E20 -> 0.532 | W20: ACCESO ENTRE ALMACEN 1 Y 2 | X20: 0.7 | Z20: 0.76 | AF20: =+X20*Z20 -> 0.532
B21: ALMACEN PRINCIPAL | C21: 3.71 | E21: 2.87 | K21: =+C21*E21 -> 10.6477 | W21: ALMACEN PRINCIPAL | X21: 3.71 | Z21: 2.87 | AF21: =+X21*Z21 -> 10.6477
M27: Notas:
A38: TOTAL | J38: =SUM(J13:J37) -> 0 | K38: =SUM(K13:K37) -> 92.2156 | L38: M2
A40: Firma | J40: Interventor / Supervisor
A41: Contratista

Sheet 1,12
A1: OFICINA LOCAL DE CRAVO NORTE | B1: MEMORIA DE CANTIDADES
A5: ENTIDAD | B5: =[1]Datos!B3 -> INSTITUTO COLOMBIANO AGROPECUARIO | K5: No. Contrato | M5: N/A
A6: CONTRATISTA | K6: Fecha | M6: 45439
A7: INTERVENTOR O SUPERVISOR | B7: Arq. Andres Otero
A9: Capitulo | B9: OFICINA LOCAL DE CRAVO NORTE | K9: Item: 1.12 | M9: =+PRESUPUESTO!B27 -> SUMINISTRO E INSTALACION DE TECHO EN DRY WALL YESO DE 1/2" INCLUYE ESTRUCTURA EN ALUMINIO (OMEGAS ) Y AISLANTE TERMICO FRESCASA FIBRA DE VIDRIO ECO 2-1/2PG 7.62X1.22 Y DE TODOS SUS ACCESORIOS PARA SU CORRECTA INSTALACION .
A11: LOCALIZACION | B11: UBICACIÓN | C11: Dimensiones Elementos | F11: Vr. Parcial | G11: Dimensiones Vanos | J11: Vr. Parcial | K11: Vr. Total | L11: Unidad | M11: Detalle
C12: LARGO (ml) | D12: ALTO (m2) | E12: ANCHO (m3) | G12: LARGO (ml) | H12: ALTO (m2) | I12: ANCHO (m3)
B13: ATENCION AL USUARIO | C13: =7.19+1.2 -> 8.39 | E13: 4.69 | K13: =+C13*E13 -> 39.3491 | L13: M2
B14: OFICCNA PRINCIPAL | C14: 4.69 | E14: 3.81 | K14: =+C14*E14 -> 17.8689
B15: OFICIINA 2 | C15: 3.04 | E15: 3.81 | K15: =+C15*E15 -> 11.5824
B16: HALL BAÑOS | C16: 3.21 | E16: 1.37 | K16: =+C16*E16 -> 4.3977
B17: BAÑO 1 | C17: 1.48 | E17: 1.36 | K17: =+C17*E17 -> 2.0128
B18: BAÑO 2 | C18: 1.4 | E18: 1.53 | K18: =+C18*E18 -> 2.142
B19: ALMACEN 1 | C19: 1.27 | E19: 2.9 | K19: =+C19*E19 -> 3.683
B20: ACCESO ENTRE ALMACEN 1 Y 2 | C20: 0.7 | E20: 0.76 | K20: =+C20*E20 -> 0.532
B21: ALMACEN PRINCIPAL | C21: 3.71 | E21: 2.87 | K21: =+C21*E21 -> 10.6477
M27: Notas:
A38: TOTAL | J38: =SUM(J13:J37) -> 0 | K38: =SUM(K13:K37) -> 92.2156 | L38: M2
A40: Firma | J40: Interventor / Supervisor
A41: Contratista

Sheet 1,13
A1: OFICINA LOCAL DE CRAVO NORTE | B1: MEMORIA DE CANTIDADES
A5: ENTIDAD | B5: =[1]Datos!B3 -> INSTITUTO COLOMBIANO AGROPECUARIO | K5: No. Contrato | M5: N/A
A6: CONTRATISTA | K6: Fecha | M6: 45439
A7: INTERVENTOR O SUPERVISOR | B7: Arq. Andres Otero
A9: Capitulo | B9: OFICINA LOCAL DE CRAVO NORTE | K9: Item: 1.13 | M9: =+PRESUPUESTO!B28 -> APLICACIÓN DE PINTURA GENERAL PARA INTERIORES EN VINILO TIPO 1 PARA TECHOS . INCLUYE LIMPIEZA , RASPADO, RESANES, LIJADO FILOS INSTALACION DE SELLO DE JUNTAS
A11: LOCALIZACION | B11: UBICACIÓN | C11: Dimensiones Elementos | F11: Vr. Parcial | G11: Dimensiones Vanos | J11: Vr. Parcial | K11: Vr. Total | L11: Unidad | M11: Detalle
C12: LARGO (ml) | D12: ALTO (m2) | E12: ANCHO (m3) | G12: LARGO (ml) | H12: ALTO (m2) | I12: ANCHO (m3)
B13: ATENCION AL USUARIO | C13: =7.19+1.2 -> 8.39 | E13: 4.69 | K13: =+C13*E13 -> 39.3491 | L13: M2
B14: OFICCNA PRINCIPAL | C14: 4.69 | E14: 3.81 | K14: =+C14*E14 -> 17.8689
B15: OFICIINA 2 | C15: 3.04 | E15: 3.81 | K15: =+C15*E15 -> 11.5824
B16: HALL BAÑOS | C16: 3.21 | E16: 1.37 | K16: =+C16*E16 -> 4.3977
B17: BAÑO 1 | C17: 1.48 | E17: 1.36 | K17: =+C17*E17 -> 2.0128
B18: BAÑO 2 | C18: 1.4 | E18: 1.53 | K18: =+C18*E18 -> 2.142
B19: ALMACEN 1 | C19: 1.27 | E19: 2.9 | K19: =+C19*E19 -> 3.683
B20: ACCESO ENTRE ALMACEN 1 Y 2 | C20: 0.7 | E20: 0.76 | K20: =+C20*E20 -> 0.532
B21: ALMACEN PRINCIPAL | C21: 3.71 | E21: 2.87 | K21: =+C21*E21 -> 10.6477
M27: Notas:
A38: TOTAL | J38: =SUM(J13:J37) -> 0 | K38: =SUM(K13:K37) -> 92.2156 | L38: M2
A40: Firma | J40: Interventor / Supervisor
A41: Contratista

Sheet 1,14
A1: OFICINA LOCAL DE CRAVO NORTE | B1: MEMORIA DE CANTIDADES
A5: ENTIDAD | B5: =[1]Datos!B3 -> INSTITUTO COLOMBIANO AGROPECUARIO | K5: No. Contrato | M5: N/A
A6: CONTRATISTA | K6: Fecha | M6: 45439
A7: INTERVENTOR O SUPERVISOR | B7: Arq. Andres Otero
A9: Capitulo | B9: OFICINA LOCAL DE CRAVO NORTE | K9: Item: 1.14 | M9: =+PRESUPUESTO!B29 -> SUMINISTRO Y APLICACIÓN DE PINTURA PARA EXTERIOR TIPO KORAZA.NCLUYE LIMPIEZA , RASPADO, RESANES, LIJADO FILOS EN ESCUADRAS DE MUROS DE VENTANA Y PUERTAS
A11: LOCALIZACION | B11: UBICACIÓN | C11: Dimensiones Elementos | F11: Vr. Parcial | G11: Dimensiones Vanos | J11: Vr. Parcial | K11: Vr. Total | L11: Unidad | M11: Detalle
C12: LARGO (ml) | D12: ALTO (m2) | E12: ANCHO (m3) | G12: LARGO (ml) | H12: ALTO (m2) | I12: ANCHO (m3)
B13: FACHADA PRINCIPAL | C13: =1+1.95+1.4+1.95+0.72+0.89+1.73+2+1.68 -> 13.32 | D13: 3.1 | K13: =+C13*D13-J14-J15-J16-J17 -> 33.0599 | L13: M2
B14: MENOS VENTANA | G14: 1.95 | H14: 1.08 | J14: =+G14*H14 -> 2.106 | K14: =+C14*E14 -> 0
B15: MENOS VENTANA | G15: 1.95 | H15: 1.08 | J15: =+G15*H15 -> 2.106 | K15: =+C15*E15 -> 0
B16: MENOS PUERTA | G16: 0.89 | H16: 2.09 | J16: =+G16*H16 -> 1.8601 | K16: =+C16*E16 -> 0
B17: MENOS VENTANA | G17: 2 | H17: 1.08 | J17: =+G17*H17 -> 2.16 | K17: =+C17*E17 -> 0
B18: FACHADA POSTERIOR | C18: =1.57+1.83+1.84+2.08+0.34+1.16+0.37+1.16+0.89+1.69+0.33 -> 13.26 | D18: 3 | K18: =+C18*D18-J19-J20-J21-J22-J23-J24 -> 31.0654
B19: MENOS VENTANA | G19: 1.83 | H19: 1.08 | J19: =+G19*H19 -> 1.9764 | K19: =+C19*E19 -> 0
B20: MENOS PUERTA | G20: 0.9 | H20: 2.08 | J20: =+G20*H20 -> 1.872 | K20: =+C20*E20 -> 0
B21: MENOS VENTANA | G21: 1.16 | H21: 0.5 | J21: =+G21*H21 -> 0.58 | K21: =+C21*E21 -> 0
B22: MENOS VENTANA | G22: 1.16 | H22: 0.5 | J22: =+G22*H22 -> 0.58
B23: MENOS PPUERTA | G23: 0.9 | H23: 2.09 | J23: =+G23*H23 -> 1.881
B24: MENOS VENTANA | G24: 1.69 | H24: 1.08 | J24: =+G24*H24 -> 1.8252
B25: FACHADA LATERAL IZQUIIERDA | C25: 8.24 | D25: 4.16 | E25: 3 | K25: 29.5
B26: FACHADA LATERAL DERECHA | C26: 8.24 | D26: 4.16 | E26: 3 | K26: 29.5
M27: Notas:
A55: TOTAL | J55: =SUM(J13:J54) -> 16.9467 | K55: =SUM(K13:K54) -> 123.1253 | L55: M2
A57: Firma | J57: Interventor / Supervisor
A58: Contratista

Sheet 1,15
A1: OFICINA LOCAL DE CRAVO NORTE | B1: MEMORIA DE CANTIDADES
A5: ENTIDAD | B5: =[1]Datos!B3 -> INSTITUTO COLOMBIANO AGROPECUARIO | K5: No. Contrato | M5: N/A
A6: CONTRATISTA | K6: Fecha | M6: 45439
A7: INTERVENTOR O SUPERVISOR | B7: Arq. Andres Otero
A9: Capitulo | B9: OFICINA LOCAL DE CRAVO NORTE | K9: Item: 1.15 | M9: =+PRESUPUESTO!B30 -> SUMINISTRO Y APLICACIÓN DE ANTICORROSIVO Y PINTURA ESMALTE PARA PUERTAS METALICAS .NCLUYE LIMPIEZA , LIJADO RASPADO, RESANES
A11: LOCALIZACION | B11: UBICACIÓN | C11: Dimensiones Elementos | F11: Vr. Parcial | G11: Dimensiones Vanos | J11: Vr. Parcial | K11: Vr. Total | L11: Unidad | M11: Detalle
C12: LARGO (ml) | D12: ALTO (m2) | E12: ANCHO (m3) | G12: LARGO (ml) | H12: ALTO (m2) | I12: ANCHO (m3)
L13: M2
B14: PUERTA OFICNA PRINCIPAL | C14: 0.9 | D14: 2.05 | E14: 2 | K14: =+C14*D14*E14 -> 3.69
B15: PUERTA OFICINA 2 | C15: 0.9 | D15: 2.05 | E15: 2 | K15: =+C15*D15*E15 -> 3.69
B16: PUERTA BAÑO 1 | C16: 0.7 | D16: 2.05 | E16: 2 | K16: =+C16*D16*E16 -> 2.87
B17: PUERTA BAÑO 2 | C17: 0.7 | D17: 2.05 | E17: 2 | K17: =+C17*D17*E17 -> 2.87
B18: PUERTA INTERNA ALMACEN | C18: 0.7 | D18: 2.05 | E18: 2 | K18: =+C18*D18*E18 -> 2.87
B19: PUERTA ACCESO POSTERIOR | C19: 0.9 | D19: 2.05 | E19: 2 | K19: =+C19*D19*E19 -> 3.69
K20: =+C20*D20 -> 0
M26: Notas:
A37: TOTAL | J37: =SUM(J13:J36) -> 0 | K37: =SUM(K13:K36) -> 19.68 | L37: M2
A39: Firma | J39: Interventor / Supervisor
A40: Contratista

Sheet 1,16
A1: OFICINA LOCAL DE CRAVO NORTE | B1: MEMORIA DE CANTIDADES
A5: ENTIDAD | B5: =[1]Datos!B3 -> INSTITUTO COLOMBIANO AGROPECUARIO | K5: No. Contrato | M5: N/A
A6: CONTRATISTA | K6: Fecha | M6: 45439
A7: INTERVENTOR O SUPERVISOR | B7: Arq. Andres Otero
A9: Capitulo | B9: OFICINA LOCAL DE CRAVO NORTE | K9: Item: 1.16 | M9: =+PRESUPUESTO!B31 -> SUMINISTRO Y APLICACIÓN DE ANTICORROSIVOO Y PINTURA ESMALTE PARA REJAS DE VENTANAS METALICAS .NCLUYE LIMPIEZA , LIJADO RASPADO, RESANES
A11: LOCALIZACION | B11: UBICACIÓN | C11: Dimensiones Elementos | F11: Vr. Parcial | G11: Dimensiones Vanos | J11: Vr. Parcial | K11: Vr. Total | L11: Unidad | M11: Detalle
C12: LARGO (ml) | D12: ALTO (m2) | E12: ANCHO (m3) | G12: LARGO (ml) | H12: ALTO (m2) | I12: ANCHO (m3)
L13: M2
B14: VENTANA PUNTO DE AATENCION 1 | C14: 1.95 | D14: 1.08 | K14: =+C14*D14 -> 2.106
B15: VENTANA PUNTO DE AATENCION 2 | C15: 1.95 | D15: 1.08 | K15: =+C15*D15 -> 2.106
B16: OFICINA PRINCIPAL | C16: 2 | D16: 1.08 | K16: =+C16*D16 -> 2.16
B17: OFICINA 2 | C17: 1.83 | D17: 1.08 | K17: =+C17*D17 -> 1.9764
B18: BAÑO 1 | C18: 1.16 | D18: 0.5 | K18: =+C18*D18 -> 0.58
B19: ALMACEN 1 | C19: 1.16 | D19: 0.5 | K19: =+C19*D19 -> 0.58
B20: ALMACEN 2 | C20: 1.69 | D20: 1.08 | K20: =+C20*D20 -> 1.8252
M26: Notas:
A37: TOTAL | J37: =SUM(J13:J36) -> 0 | K37: =SUM(K13:K36) -> 11.3336 | L37: M2
A39: Firma | J39: Interventor / Supervisor
A40: Contratista

Sheet 1,17
A1: OFICINA LOCAL DE CRAVO NORTE | B1: MEMORIA DE CANTIDADES
A5: ENTIDAD | B5: =[1]Datos!B3 -> INSTITUTO COLOMBIANO AGROPECUARIO | K5: No. Contrato | M5: N/A
A6: CONTRATISTA | K6: Fecha | M6: 45439
A7: INTERVENTOR O SUPERVISOR | B7: Arq. Andres Otero
A9: Capitulo | B9: OFICINA LOCAL DE CRAVO NORTE | K9: Item: 1.17 | M9: =+PRESUPUESTO!B32 -> DESMONTE DE TEJAS EXITENTES EN CUBIERTA INCLUYE RETIRO Y DISPOSICION FINAL
A11: LOCALIZACION | B11: UBICACIÓN | C11: Dimensiones Elementos | F11: Vr. Parcial | G11: Dimensiones Vanos | J11: Vr. Parcial | K11: Vr. Total | L11: Unidad | M11: Detalle
C12: LARGO (ml) | D12: ALTO (m2) | E12: ANCHO (m3) | G12: LARGO (ml) | H12: ALTO (m2) | I12: ANCHO (m3)
L13: M2
B14: CUBIERTA | C14: 13.4 | E14: 12.4 | K14: =+C14*E14 -> 166.16
K15: =+C15*D15 -> 0
K16: =+C16*D16 -> 0
K17: =+C17*D17 -> 0
K18: =+C18*D18 -> 0
K19: =+C19*D19 -> 0
K20: =+C20*D20 -> 0
M26: Notas:
A37: TOTAL | J37: =SUM(J13:J36) -> 0 | K37: =SUM(K13:K36) -> 166.16 | L37: M2
A39: Firma | J39: Interventor / Supervisor
A40: Contratista

Sheet 1,18
A1: OFICINA LOCAL DE CRAVO NORTE | B1: MEMORIA DE CANTIDADES
A5: ENTIDAD | B5: =[1]Datos!B3 -> INSTITUTO COLOMBIANO AGROPECUARIO | K5: No. Contrato | M5: N/A
A6: CONTRATISTA | K6: Fecha | M6: 45439
A7: INTERVENTOR O SUPERVISOR | B7: Arq. Andres Otero
A9: Capitulo | B9: OFICINA LOCAL DE CRAVO NORTE | K9: Item: 1.18 | M9: =+PRESUPUESTO!B33 -> MANTENIMIENTO DE ESTRUCTURA DE CUBIERTA, INCLUYE LIMPIEZA, APLICACIÓN ANTICORROSIVO Y PIINTURA ESMALTE, REPARACION Y AJUSTE QUE SE REQUIERA
A11: LOCALIZACION | B11: UBICACIÓN | C11: Dimensiones Elementos | F11: Vr. Parcial | G11: Dimensiones Vanos | J11: Vr. Parcial | K11: Vr. Total | L11: Unidad | M11: Detalle
C12: LARGO (ml) | D12: ALTO (m2) | E12: ANCHO (m3) | G12: LARGO (ml) | H12: ALTO (m2) | I12: ANCHO (m3)
L13: M2
B14: CUBIERTA | C14: 13.4 | E14: 8.24 | K14: =+C14*E14 -> 110.416
K15: =+C15*D15 -> 0
K16: =+C16*D16 -> 0
K17: =+C17*D17 -> 0
K18: =+C18*D18 -> 0
K19: =+C19*D19 -> 0
K20: =+C20*D20 -> 0
M26: Notas:
A37: TOTAL | J37: =SUM(J13:J36) -> 0 | K37: =SUM(K13:K36) -> 110.416 | L37: M2
A39: Firma | J39: Interventor / Supervisor
A40: Contratista

Sheet 1,19
A1: OFICINA LOCAL DE CRAVO NORTE | B1: MEMORIA DE CANTIDADES
A5: ENTIDAD | B5: =[1]Datos!B3 -> INSTITUTO COLOMBIANO AGROPECUARIO | K5: No. Contrato | M5: N/A
A6: CONTRATISTA | K6: Fecha | M6: 45439
A7: INTERVENTOR O SUPERVISOR | B7: Arq. Andres Otero
A9: Capitulo | B9: OFICINA LOCAL DE CRAVO NORTE | K9: Item: 1.19 | M9: =+PRESUPUESTO!B34 -> SUINISTRO E INSTALACCION DE TEJA DE FIBRO CEMENTO No 8 CON TODOS SUS ACCESORIOS DEE SUJECION
A11: LOCALIZACION | B11: UBICACIÓN | C11: Dimensiones Elementos | F11: Vr. Parcial | G11: Dimensiones Vanos | J11: Vr. Parcial | K11: Vr. Total | L11: Unidad | M11: Detalle
C12: LARGO (ml) | D12: ALTO (m2) | E12: ANCHO (m3) | G12: LARGO (ml) | H12: ALTO (m2) | I12: ANCHO (m3)
L13: M2
B14: CUBIERTA | C14: 13.4 | E14: 8.24 | K14: =+C14*E14 -> 110.416
K15: =+C15*D15 -> 0
K16: =+C16*D16 -> 0
K17: =+C17*D17 -> 0
K18: =+C18*D18 -> 0
K19: =+C19*D19 -> 0
K20: =+C20*D20 -> 0
M26: Notas:
A37: TOTAL | J37: =SUM(J13:J36) -> 0 | K37: =SUM(K13:K36) -> 110.416 | L37: M2
A39: Firma | J39: Interventor / Supervisor
A40: Contratista

Sheet 1,20
A1: OFICINA LOCAL DE CRAVO NORTE | B1: MEMORIA DE CANTIDADES
A5: ENTIDAD | B5: =[1]Datos!B3 -> INSTITUTO COLOMBIANO AGROPECUARIO | K5: No. Contrato | M5: N/A
A6: CONTRATISTA | K6: Fecha | M6: 45439
A7: INTERVENTOR O SUPERVISOR | B7: Arq. Andres Otero
A9: Capitulo | B9: OFICINA LOCAL DE CRAVO NORTE | K9: Item: 1.20 | M9: =+PRESUPUESTO!B35 -> DESMONTE DE LAVAMANOS Y SANITARIOS
A11: LOCALIZACION | B11: UBICACIÓN | C11: Dimensiones Elementos | F11: Vr. Parcial | G11: Dimensiones Vanos | J11: Vr. Parcial | K11: Vr. Total | L11: Unidad | M11: Detalle
C12: LARGO (ml) | D12: ALTO (m2) | E12: ANCHO (m3) | G12: LARGO (ml) | H12: ALTO (m2) | I12: ANCHO (m3)
L13: Unidad
B14: BAÑO 1
B15: LAVAMANOS | F15: 1 | K15: =+F15 -> 1
B16: SANITARIO | F16: 1 | K16: =+F16 -> 1
B17: BAÑO 2 | K17: =+F17 -> 0
B18: LAVAMANOS | F18: 1 | K18: =+F18 -> 1
B19: SANITARIO | F19: 1 | K19: =+F19 -> 1
B20: BAÑO 3 ALMACEN | K20: =+F20 -> 0
B21: LAVAMANOS | F21: 1 | K21: =+F21 -> 1
B22: SANITARIO | F22: 1 | K22: =+F22 -> 1
B23: DUCHA | F23: 1 | K23: =+F23 -> 1
M26: Notas:
A37: TOTAL | J37: =SUM(J13:J36) -> 0 | K37: =SUM(K13:K36) -> 7 | L37: UN
A39: Firma | J39: Interventor / Supervisor
A40: Contratista

Sheet 1,21
A1: OFICINA LOCAL DE CRAVO NORTE | B1: MEMORIA DE CANTIDADES
A5: ENTIDAD | B5: =[1]Datos!B3 -> INSTITUTO COLOMBIANO AGROPECUARIO | K5: No. Contrato | M5: N/A
A6: CONTRATISTA | K6: Fecha | M6: 45439
A7: INTERVENTOR O SUPERVISOR | B7: Arq. Andres Otero
A9: Capitulo | B9: OFICINA LOCAL DE CRAVO NORTE | K9: Item: 1.21 | M9: =+PRESUPUESTO!B36 -> SUMINISTRO E INSTALACION DE SANITARIOS REFERENCIA SANITARIO SMART ALONGADO SINGLE BLANCO INCLUYE TODOS SU ACCESORIOS CON VALVULA AHORRADORA Y TODOS SUS ACCESORIOS PARA SU CORRECTO FUNCIONAMIENTO
A11: LOCALIZACION | B11: UBICACIÓN | C11: Dimensiones Elementos | F11: Vr. Parcial | G11: Dimensiones Vanos | J11: Vr. Parcial | K11: Vr. Total | L11: Unidad | M11: Detalle
C12: LARGO (ml) | D12: ALTO (m2) | E12: ANCHO (m3) | G12: LARGO (ml) | H12: ALTO (m2) | I12: ANCHO (m3)
L13: Unidad
B14: BAÑO 1
B15: SANITARIO | F15: 1 | K15: =+F15 -> 1
B16: BAÑO 2 | K16: =+F16 -> 0
B17: SANITARIO | F17: 1 | K17: =+F17 -> 1
K18: =+F18 -> 0
K19: =+F19 -> 0
K20: =+F20 -> 0
K21: =+F21 -> 0
M24: Notas:
A35: TOTAL | J35: =SUM(J13:J34) -> 0 | K35: =SUM(K13:K34) -> 2 | L35: UN
A37: Firma | J37: Interventor / Supervisor
A38: Contratista

Sheet 1,22
A1: OFICINA LOCAL DE CRAVO NORTE | B1: MEMORIA DE CANTIDADES
A5: ENTIDAD | B5: =[1]Datos!B3 -> INSTITUTO COLOMBIANO AGROPECUARIO | K5: No. Contrato | M5: N/A
A6: CONTRATISTA | K6: Fecha | M6: 45439
A7: INTERVENTOR O SUPERVISOR | B7: Arq. Andres Otero
A9: Capitulo | B9: OFICINA LOCAL DE CRAVO NORTE | K9: Item: 1.22 | M9: =+PRESUPUESTO!B37 -> SUMINISTRO E INSTALACION DE LAVAMANOS CON MUEBLE ALUVIA ELEVADO 60X45 CM MILAN CON LAVAMANOS CORONA CON SISTEMA AHORRADOR DE AGUA INSTITUCIONAL.INCLUYE TODOS SUS ACCESORIOS PARA SU CORRECTO FUNCIONAMIENTO
A11: LOCALIZACION | B11: UBICACIÓN | C11: Dimensiones Elementos | F11: Vr. Parcial | G11: Dimensiones Vanos | J11: Vr. Parcial | K11: Vr. Total | L11: Unidad | M11: Detalle
C12: LARGO (ml) | D12: ALTO (m2) | E12: ANCHO (m3) | G12: LARGO (ml) | H12: ALTO (m2) | I12: ANCHO (m3)
L13: Unidad
B14: BAÑO 1
B15: LAVAMANOS | F15: 1 | K15: =+F15 -> 1
B16: BAÑO 2 | K16: =+F16 -> 0
B17: LAVAMANOS | F17: 1 | K17: =+F17 -> 1
K18: =+F18 -> 0
K19: =+F19 -> 0
K20: =+F20 -> 0
K21: =+F21 -> 0
K22: =+F22 -> 0
M25: Notas:
A36: TOTAL | J36: =SUM(J13:J35) -> 0 | K36: =SUM(K13:K35) -> 2 | L36: UN
A38: Firma | J38: Interventor / Supervisor
A39: Contratista

Sheet 1,23
A1: OFICINA LOCAL DE CRAVO NORTE | B1: MEMORIA DE CANTIDADES
A5: ENTIDAD | B5: =[1]Datos!B3 -> INSTITUTO COLOMBIANO AGROPECUARIO | K5: No. Contrato | M5: N/A
A6: CONTRATISTA | K6: Fecha | M6: 45439
A7: INTERVENTOR O SUPERVISOR | B7: Arq. Andres Otero
A9: Capitulo | B9: OFICINA LOCAL DE CRAVO NORTE | K9: Item: 1.23 | M9: =+PRESUPUESTO!B38 -> SUMINISTRO E INSTALACION DE PUERTA EN VIDRIO DE SEGURIDAD DE 2.00 DE ALTO X 0,0,8 DE 10 mm CON SANBLASTING INCLUYE BISAGRA DE PISO SPEEDY M60 , MANIJA DE ACERO INOXIDABLE. ESQUINERO SUPERIOR E INFERIOR.
A11: LOCALIZACION | B11: UBICACIÓN | C11: Dimensiones Elementos | F11: Vr. Parcial | G11: Dimensiones Vanos | J11: Vr. Parcial | K11: Vr. Total | L11: Unidad | M11: Detalle
C12: LARGO (ml) | D12: ALTO (m2) | E12: ANCHO (m3) | G12: LARGO (ml) | H12: ALTO (m2) | I12: ANCHO (m3)
L13: Unidad
B15: ALMACEN | F15: 1 | K15: =+F15 -> 1
K16: =+F16 -> 0
K17: =+F17 -> 0
K18: =+F18 -> 0
K19: =+F19 -> 0
K20: =+F20 -> 0
K21: =+F21 -> 0
K22: =+F22 -> 0
M25: Notas:
A36: TOTAL | J36: =SUM(J13:J35) -> 0 | K36: =SUM(K13:K35) -> 1 | L36: UN
A38: Firma | J38: Interventor / Supervisor
A39: Contratista

Sheet 1,24
A1: OFICINA LOCAL DE CRAVO NORTE | B1: MEMORIA DE CANTIDADES
A5: ENTIDAD | B5: =[1]Datos!B3 -> INSTITUTO COLOMBIANO AGROPECUARIO | K5: No. Contrato | M5: N/A
A6: CONTRATISTA | K6: Fecha | M6: 45439
A7: INTERVENTOR O SUPERVISOR | B7: Arq. Andres Otero
A9: Capitulo | B9: OFICINA LOCAL DE CRAVO NORTE | K9: Item: 1.24 | M9: =+PRESUPUESTO!B39 -> ARREGLO DE PUERTAS Y VENTANERIA DE EXISTENTE EN ALUMINIO ADECUACION Y AJUSTE DE HOJAS Y MARCOS PARA SU CORRECTO FUNCIONAMMIENTO.
A11: LOCALIZACION | B11: UBICACIÓN | C11: Dimensiones Elementos | F11: Vr. Parcial | G11: Dimensiones Vanos | J11: Vr. Parcial | K11: Vr. Total | L11: Unidad | M11: Detalle
C12: LARGO (ml) | D12: ALTO (m2) | E12: ANCHO (m3) | G12: LARGO (ml) | H12: ALTO (m2) | I12: ANCHO (m3)
B13: VENTANAS | L13: M2
B14: VENTANA PUNTO DE AATENCION 1 | C14: 1.95 | D14: 1.08 | K14: =+C14*D14 -> 2.106
B15: VENTANA PUNTO DE AATENCION 2 | C15: 1.95 | D15: 1.08 | K15: =+C15*D15 -> 2.106
B16: OFICINA PRINCIPAL | C16: 2 | D16: 1.08 | K16: =+C16*D16 -> 2.16
B17: OFICINA 2 | C17: 1.83 | D17: 1.08 | K17: =+C17*D17 -> 1.9764
B18: BAÑO 1 | C18: 1.16 | D18: 0.5 | K18: =+C18*D18 -> 0.58
B19: ALMACEN 1 | C19: 1.16 | D19: 0.5 | K19: =+C19*D19 -> 0.58
B20: ALMACEN 2 | C20: 1.69 | D20: 1.08 | K20: =+C20*D20 -> 1.8252
B21: PUERTAS
B22: PUERTA PUNTO DE AATENCION 1 | C22: 1.95 | D22: 1.08 | K22: =+C22*D22 -> 2.106
B23: PUERTA PUNTO DE AATENCION 2 | C23: 1.95 | D23: 1.08 | K23: =+C23*D23 -> 2.106
B24: OFICINA PRINCIPAL | C24: 2 | D24: 1.08 | K24: =+C24*D24 -> 2.16
B25: OFICINA 2 | C25: 1.83 | D25: 1.08 | K25: =+C25*D25 -> 1.9764
B26: BAÑO 1 | C26: 1.16 | D26: 0.5 | K26: =+C26*D26 -> 0.58 | M26: Notas:
B27: ALMACEN 1 | C27: 1.16 | D27: 0.5 | K27: =+C27*D27 -> 0.58
B28: ALMACEN 2 | C28: 1.69 | D28: 1.08 | K28: =+C28*D28 -> 1.8252
A37: TOTAL | J37: =SUM(J13:J36) -> 0 | K37: =SUM(K13:K36) -> 22.6672 | L37: M2
A39: Firma | J39: Interventor / Supervisor
A40: Contratista

Sheet 1,25
A1: OFICINA LOCAL DE CRAVO NORTE | B1: MEMORIA DE CANTIDADES
A5: ENTIDAD | B5: =[1]Datos!B3 -> INSTITUTO COLOMBIANO AGROPECUARIO | K5: No. Contrato | M5: N/A
A6: CONTRATISTA | K6: Fecha | M6: 45439
A7: INTERVENTOR O SUPERVISOR | B7: Arq. Andres Otero
A9: Capitulo | B9: OFICINA LOCAL DE CRAVO NORTE | K9: Item: 1.25 | M9: =+PRESUPUESTO!#REF! -> #REF!
A11: LOCALIZACION | B11: UBICACIÓN | C11: Dimensiones Elementos | F11: Vr. Parcial | G11: Dimensiones Vanos | J11: Vr. Parcial | K11: Vr. Total | L11: Unidad | M11: Detalle
C12: LARGO (ml) | D12: ALTO (m2) | E12: ANCHO (m3) | G12: LARGO (ml) | H12: ALTO (m2) | I12: ANCHO (m3)
L13: Unidad
B14: VENTANA PUNTO DE ATENCION 1 | E14: 1 | K14: =+E14 -> 1
B15: OFICINA PRINCIPAL | E15: 1 | K15: =+E15 -> 1
B16: OFICINA 2 | E16: 1 | K16: =+E16 -> 1
K17: =+C17*D17 -> 0
K18: =+C18*D18 -> 0
K19: =+C19*D19 -> 0
M25: Notas:
A36: TOTAL | J36: =SUM(J13:J35) -> 0 | K36: =SUM(K13:K35) -> 3 | L36: UN
A38: Firma | J38: Interventor / Supervisor
A39: Contratista

Sheet 1,26
A1: OFICINA LOCAL DE CRAVO NORTE | B1: MEMORIA DE CANTIDADES
A5: ENTIDAD | B5: =[1]Datos!B3 -> INSTITUTO COLOMBIANO AGROPECUARIO | K5: No. Contrato | M5: N/A
A6: CONTRATISTA | K6: Fecha | M6: 45439
A7: INTERVENTOR O SUPERVISOR | B7: Arq. Andres Otero
A9: Capitulo | B9: OFICINA LOCAL DE CRAVO NORTE | K9: Item: 1.26 | M9: =+PRESUPUESTO!B40 -> ARREGLO Y AJUSTE SUMINISTRO DE AGUA PARA BAÑOS DE MUJER Y DE HOMBRE PARA LAVAMNOS Y SANITARIOS PARA SU CORRECTO FUNCIONAMIENTO
A11: LOCALIZACION | B11: UBICACIÓN | C11: Dimensiones Elementos | F11: Vr. Parcial | G11: Dimensiones Vanos | J11: Vr. Parcial | K11: Vr. Total | L11: Unidad | M11: Detalle
C12: LARGO (ml) | D12: ALTO (m2) | E12: ANCHO (m3) | G12: LARGO (ml) | H12: ALTO (m2) | I12: ANCHO (m3)
L13: Unidad
B14: BAÑO 1
B15: LAVAMANOS | F15: 1 | K15: =+F15 -> 1
B16: SANITARIO | F16: 1 | K16: =+F16 -> 1
B17: BAÑO 2 | K17: =+F17 -> 0
B18: LAVAMANOS | F18: 1 | K18: =+F18 -> 1
B19: SANITARIO | F19: 1 | K19: =+F19 -> 1
B20: CAFETERIA EXTERNA | F20: 1 | K20: =+F20 -> 1
K21: =+F21 -> 0
K22: =+F22 -> 0
K23: =+F23 -> 0
M26: Notas:
A37: TOTAL | J37: =SUM(J13:J36) -> 0 | K37: =SUM(K13:K36) -> 5 | L37: UN
A39: Firma | J39: Interventor / Supervisor
A40: Contratista

Sheet 1,27
A1: OFICINA LOCAL DE CRAVO NORTE | B1: MEMORIA DE CANTIDADES
A5: ENTIDAD | B5: =[1]Datos!B3 -> INSTITUTO COLOMBIANO AGROPECUARIO | K5: No. Contrato | M5: N/A
A6: CONTRATISTA | K6: Fecha | M6: 45439
A7: INTERVENTOR O SUPERVISOR | B7: Arq. Andres Otero
A9: Capitulo | B9: OFICINA LOCAL DE CRAVO NORTE | K9: Item: 1.27 | M9: =+PRESUPUESTO!B41 -> RETIRO DE MANIJAS DE PUERTA EXISTENTESY SUMINISTRO E INSTALCION DE CERRADURA DE INCRUSTRAR DE TRES BULONES EN PUERTAS EXISTENTES
A11: LOCALIZACION | B11: UBICACIÓN | C11: Dimensiones Elementos | F11: Vr. Parcial | G11: Dimensiones Vanos | J11: Vr. Parcial | K11: Vr. Total | L11: Unidad | M11: Detalle
C12: LARGO (ml) | D12: ALTO (m2) | E12: ANCHO (m3) | G12: LARGO (ml) | H12: ALTO (m2) | I12: ANCHO (m3)
L13: Unidad
B15: PUERTA OFICINA 1 | E15: 1 | K15: =+E15 -> 1
B16: PUERTA OFICINA 2 | E16: 1 | K16: =+E16 -> 1
B17: PUERTA BAÑO 1 | E17: 1 | K17: =+E17 -> 1
B18: PUERTA BAÑO 2 | E18: 1 | K18: =+E18 -> 1
B19: PUERTA INTERNA ALMACEN | E19: 1 | K19: =+E19 -> 1
B20: PUERTA ACCESO POSTERIOR | E20: 1 | K20: =+E20 -> 1
B21: PUERTA ACCESO POSTERIOR ALMACEN | E21: 1 | K21: =+E21 -> 1
B22: PUERTA CAFETERIA EXTERNA | E22: 1 | K22: =+E22 -> 1
M27: Notas:
A38: TOTAL | J38: =SUM(J13:J37) -> 0 | K38: =SUM(K13:K37) -> 8 | L38: UN
A40: Firma | J40: Interventor / Supervisor
A41: Contratista

Sheet 1,27 A
A1: OFICINA LOCAL DE CRAVO NORTE | B1: MEMORIA DE CANTIDADES
A5: ENTIDAD | B5: =[1]Datos!B3 -> INSTITUTO COLOMBIANO AGROPECUARIO | K5: No. Contrato | M5: N/A
A6: CONTRATISTA | K6: Fecha | M6: 45439
A7: INTERVENTOR O SUPERVISOR | B7: Arq. Andres Otero
A9: Capitulo | B9: OFICINA LOCAL DE CRAVO NORTE | K9: Item: 1.27 A | M9: =+PRESUPUESTO!B42 -> RETIRO DE MANIJA DE PUERTA EXISTENTE DE ACCESO PRINCIPAL Y SUMINISTRO E INSTALCION DE MANIJA TIPO CERRADURA INCRUSTAR 4 BULONES ROSETA BARI EN PUERTA ACCESO PRINCIAPAL
A11: LOCALIZACION | B11: UBICACIÓN | C11: Dimensiones Elementos | F11: Vr. Parcial | G11: Dimensiones Vanos | J11: Vr. Parcial | K11: Vr. Total | L11: Unidad | M11: Detalle
C12: LARGO (ml) | D12: ALTO (m2) | E12: ANCHO (m3) | G12: LARGO (ml) | H12: ALTO (m2) | I12: ANCHO (m3)
L13: Unidad
B14: PUERTA ACCESO PRINCIPAL | E14: 1 | K14: =+E14 -> 1
M27: Notas:
A38: TOTAL | J38: =SUM(J13:J37) -> 0 | K38: =SUM(K13:K37) -> 1 | L38: UN
A40: Firma | J40: Interventor / Supervisor
A41: Contratista

Sheet 1,28
A1: OFICINA LOCAL DE CRAVO NORTE | B1: MEMORIA DE CANTIDADES
A5: ENTIDAD | B5: =[1]Datos!B3 -> INSTITUTO COLOMBIANO AGROPECUARIO | K5: No. Contrato | M5: N/A
A6: CONTRATISTA | K6: Fecha | M6: 45439
A7: INTERVENTOR O SUPERVISOR | B7: Arq. Andres Otero
A9: Capitulo | B9: OFICINA LOCAL DE CRAVO NORTE | K9: Item: 1.28 | M9: =+PRESUPUESTO!B43 -> SUMINISTRO EN INSTALACION DE MAMPOSTERIA PARA SELLO DE MUROS EN BAÑOS EN CUCHILLA EN BLOQUE No 4 MORTERO 1:4
A11: LOCALIZACION | B11: UBICACIÓN | C11: Dimensiones Elementos | F11: Vr. Parcial | G11: Dimensiones Vanos | J11: Vr. Parcial | K11: Vr. Total | L11: Unidad | M11: Detalle
C12: LARGO (ml) | D12: ALTO (m2) | E12: ANCHO (m3) | G12: LARGO (ml) | H12: ALTO (m2) | I12: ANCHO (m3)
L13: Unidad
B14: CUCHILLA DIVISORIA EN BAÑOS | C14: 2.9 | D14: 0.5 | E14: 2 | K14: =+C14*D14/E14 -> 0.725
B15: CMPLEMETO DE MURO EN BAÑO | C15: 1.39 | D15: 0.57 | K15: =+C15*D15 -> 0.7923
K16: =+F16 -> 0
K17: =+F17 -> 0
K18: =+F18 -> 0
K19: =+F19 -> 0
K20: =+F20 -> 0
K21: =+F21 -> 0
K22: =+F22 -> 0
M25: Notas:
A36: TOTAL | J36: =SUM(J13:J35) -> 0 | K36: =SUM(K13:K35) -> 1.5173 | L36: UN
A38: Firma | J38: Interventor / Supervisor
A39: Contratista

Sheet 1,29
A1: OFICINA LOCAL DE CRAVO NORTE | B1: MEMORIA DE CANTIDADES
A5: ENTIDAD | B5: =[1]Datos!B3 -> INSTITUTO COLOMBIANO AGROPECUARIO | K5: No. Contrato | M5: N/A
A6: CONTRATISTA | K6: Fecha | M6: 45439
A7: INTERVENTOR O SUPERVISOR | B7: Arq. Andres Otero
A9: Capitulo | B9: OFICINA LOCAL DE CRAVO NORTE | K9: Item: 1.29 | M9: =+PRESUPUESTO!B44 -> SUMINISTRO E INSTALACION DE FLANCHE CAL 26 EN LAMINA GALVANIZADA SEGÚN DISEÑO INCLUYE CORTE EN MURO Y SELLO EN SILICONA
A11: LOCALIZACION | B11: UBICACIÓN | C11: Dimensiones Elementos | F11: Vr. Parcial | G11: Dimensiones Vanos | J11: Vr. Parcial | K11: Vr. Total | L11: Unidad | M11: Detalle
C12: LARGO (ml) | D12: ALTO (m2) | E12: ANCHO (m3) | G12: LARGO (ml) | H12: ALTO (m2) | I12: ANCHO (m3)
L13: Unidad
B14: FACHADA PRINCIPAL | C14: =1+1.95+1.4+1.95+0.72+0.89+1.73+2+1.68 -> 13.32 | K14: =+C14 -> 13.32
B15: FACHADA POSTERIOR | C15: =1.57+1.83+1.84+2.08+0.34+1.16+0.37+1.16+0.89+1.69+0.33 -> 13.26 | K15: =+C15 -> 13.26
K16: =+F16 -> 0
K17: =+F17 -> 0
K18: =+F18 -> 0
K19: =+F19 -> 0
K20: =+F20 -> 0
K21: =+F21 -> 0
K22: =+F22 -> 0
M25: Notas:
A36: TOTAL | J36: =SUM(J13:J35) -> 0 | K36: =SUM(K13:K35) -> 26.58 | L36: UN
A38: Firma | J38: Interventor / Supervisor
A39: Contratista

Sheet 2,1
A1: OFICINA LOCAL DE CRAVO NORTE | B1: MEMORIA DE CANTIDADES
A5: ENTIDAD | B5: =[1]Datos!B3 -> INSTITUTO COLOMBIANO AGROPECUARIO | K5: No. Contrato | M5: N/A
A6: CONTRATISTA | K6: Fecha | M6: 45439
A7: INTERVENTOR O SUPERVISOR | B7: Arq. Andres Otero
A9: Capitulo | B9: OFICINA LOCAL DE CRAVO NORTE | K9: Item: 2,1 | M9: =+PRESUPUESTO!B46 -> SUMINISITRO E INSTALACION DE PERGOLA EN ESTRUCTURA METALICA CONSTRUIDA EN PERFIL VIGA IP 200 ESTRUCTURA PRINCIPAL Y BASES EN PLATINA DE 1/4 DE 0.25X0.25 Y HORIZONTALES EN TUBERIA RECTANGULAR 50 MM X 25 MM SEGÚN DISSEÑO PINTADA EN ANTICORROSIVO Y PINTURA ESMALTE ACABADO FINAL PINTURA EPOXICA COLOR NEGRO.
A11: LOCALIZACION | B11: UBICACIÓN | C11: Dimensiones Elementos | F11: Vr. Parcial | G11: Dimensiones Vanos | J11: Vr. Parcial | K11: Vr. Total | L11: Unidad | M11: Detalle
C12: LARGO (ml) | D12: ALTO (m2) | E12: ANCHO (m3) | G12: LARGO (ml) | H12: ALTO (m2) | I12: ANCHO (m3)
A13: PENDIENTE DIBUJO | L13: Unidad
B14: FACHADA PRINCIPAL | C14: =1+1.95+1.4+1.95+0.72+0.89+1.73+2+1.68+2 -> 15.32 | E14: 2 | K14: =+C14*E14 -> 30.64
B15: FACHADA POSTERIOR | C15: =1.57+1.83+1.84+2.08+0.34+1.16+0.37+1.16+0.89+1.69+0.33+2 -> 15.26 | E15: 2 | K15: =+C15*E15 -> 30.52
B16: PERGOLA DE ACCESO | C16: =9.12+0.15+0.15 -> 9.42 | E16: 1.8 | K16: =+C16*E16 -> 16.956
K17: =+F17 -> 0
K18: =+F18 -> 0
K19: =+F19 -> 0
K20: =+F20 -> 0
K21: =+F21 -> 0
K22: =+F22 -> 0
M25: Notas:
A36: TOTAL | J36: =SUM(J13:J35) -> 0 | K36: =SUM(K13:K35) -> 78.116 | L36: UN
A38: Firma | J38: Interventor / Supervisor
A39: Contratista

Sheet 2,2
A1: OFICINA LOCAL DE CRAVO NORTE | B1: MEMORIA DE CANTIDADES
A5: ENTIDAD | B5: =[1]Datos!B3 -> INSTITUTO COLOMBIANO AGROPECUARIO | K5: No. Contrato | M5: N/A
A6: CONTRATISTA | K6: Fecha | M6: 45439
A7: INTERVENTOR O SUPERVISOR | B7: Arq. Andres Otero
A9: Capitulo | B9: OFICINA LOCAL DE CRAVO NORTE | K9: Item: 2,2 | M9: =+PRESUPUESTO!B47 -> ZAPATAS EN CONCRETO DE 3000 PSI, CONCRETO E 3000 PSI PARA SOPORTE DE ESTRUCTURA METALIZA PARA PERGOLA
A11: LOCALIZACION | B11: UBICACIÓN | C11: Dimensiones Elementos | F11: Vr. Parcial | G11: Dimensiones Vanos | J11: Vr. Parcial | K11: Vr. Total | L11: Unidad | M11: Detalle
C12: LARGO (ml) | D12: ALTO (m2) | E12: ANCHO (m3) | G12: LARGO (ml) | H12: ALTO (m2) | I12: ANCHO (m3)
A13: PENDIENTE DIBUJO | L13: M3
B14: FACHADA PRINCIPAL | C14: 0.8 | D14: 0.3 | E14: 0.8 | F14: 5 | K14: =+C14*D14*E14*F14 -> 0.96
B15: FACHADA POSTERIOR | C15: 0.8 | D15: 0.3 | E15: 0.8 | F15: 5 | K15: =+C15*D15*E15*F15 -> 0.96
B16: PERGOLA ACCESO PPAL | C16: 0.8 | D16: 0.3 | E16: 0.8 | F16: 8 | K16: =+C16*D16*E16*F16 -> 1.536
K17: =+F17 -> 0
K18: =+F18 -> 0
K19: =+F19 -> 0
K20: =+F20 -> 0
K21: =+F21 -> 0
K22: =+F22 -> 0
M25: Notas:
A36: TOTAL | J36: =SUM(J13:J35) -> 0 | K36: =SUM(K13:K35) -> 3.456 | L36: M3
A38: Firma | J38: Interventor / Supervisor
A39: Contratista

Sheet 2,3
A1: OFICINA LOCAL DE CRAVO NORTE | B1: MEMORIA DE CANTIDADES
A5: ENTIDAD | B5: =[1]Datos!B3 -> INSTITUTO COLOMBIANO AGROPECUARIO | K5: No. Contrato | M5: N/A
A6: CONTRATISTA | K6: Fecha | M6: 45439
A7: INTERVENTOR O SUPERVISOR | B7: Arq. Andres Otero
A9: Capitulo | B9: OFICINA LOCAL DE CRAVO NORTE | K9: Item: 2,3 | M9: =+PRESUPUESTO!B48 -> PEDESTAL EN CONCRETO DE 3000 PSI INCLUYE EXCAVACION,PARA SOPORTE DE ESTRUCTURA METALICA DE PERGOLA
A11: LOCALIZACION | B11: UBICACIÓN | C11: Dimensiones Elementos | F11: Vr. Parcial | G11: Dimensiones Vanos | J11: Vr. Parcial | K11: Vr. Total | L11: Unidad | M11: Detalle
C12: LARGO (ml) | D12: ALTO (m2) | E12: ANCHO (m3) | G12: LARGO (ml) | H12: ALTO (m2) | I12: ANCHO (m3)
A13: PENDIENTE DIBUJO | L13: M3
B14: FACHADA PRINCIPAL | C14: 0.3 | D14: 0.6 | E14: 0.3 | F14: 5 | K14: =+C14*D14*E14*F14 -> 0.27
B15: FACHADA POSTERIOR | C15: 0.3 | D15: 0.6 | E15: 0.3 | F15: 5 | K15: =+C15*D15*E15*F15 -> 0.27
B16: PERGOLA ACCESO PPAL | C16: 0.3 | D16: 0.6 | E16: 0.3 | F16: 8 | K16: =+C16*D16*E16*F16 -> 0.432
K17: =+F17 -> 0
K18: =+F18 -> 0
K19: =+F19 -> 0
K20: =+F20 -> 0
K21: =+F21 -> 0
K22: =+F22 -> 0
M25: Notas:
A36: TOTAL | J36: =SUM(J13:J35) -> 0 | K36: =SUM(K13:K35) -> 0.972 | L36: M3
A38: Firma | J38: Interventor / Supervisor
A39: Contratista

Sheet 2,4
A1: OFICINA LOCAL DE CRAVO NORTE | B1: MEMORIA DE CANTIDADES
A5: ENTIDAD | B5: =[1]Datos!B3 -> INSTITUTO COLOMBIANO AGROPECUARIO | K5: No. Contrato | M5: N/A
A6: CONTRATISTA | K6: Fecha | M6: 45439
A7: INTERVENTOR O SUPERVISOR | B7: Arq. Andres Otero
A9: Capitulo | B9: OFICINA LOCAL DE CRAVO NORTE | K9: Item: 2,4 | M9: =+PRESUPUESTO!B49 -> ACERO DE REFUERZO VARILLA DE 1/2 Y VARILLA DE 3/8" DE 60.000 PSI Y ALAMBRE NEGRO No 18
A11: LOCALIZACION | B11: UBICACIÓN | C11: Dimensiones Elementos | F11: Vr. Parcial | G11: Dimensiones Vanos | J11: CANTIDAD | K11: Vr. Total | L11: Unidad | M11: Detalle
C12: LARGO (ml) | D12: ALTO (m2) | E12: PESO (KL) | G12: LARGO (ml) | H12: ALTO (m2) | I12: ANCHO (m3)
A13: PENDIENTE DIBUJO | L13: KL
B14: CERRAMIENTO | K14: 2208.4832
K20: =+F20 -> 0
K21: =+F21 -> 0
K22: =+F22 -> 0
M25: Notas: VER CARTILLA DE HIERROS
A36: TOTAL | J36: =SUM(J14:J35) -> 0 | K36: =SUM(K14:K35) -> 2208.4832 | L36: KL
A38: Firma | J38: Interventor / Supervisor
A39: Contratista

Sheet 2,5
A1: OFICINA LOCAL DE CRAVO NORTE | B1: MEMORIA DE CANTIDADES
A5: ENTIDAD | B5: =[1]Datos!B3 -> INSTITUTO COLOMBIANO AGROPECUARIO | K5: No. Contrato | M5: N/A
A6: CONTRATISTA | K6: Fecha | M6: 45439
A7: INTERVENTOR O SUPERVISOR | B7: Arq. Andres Otero
A9: Capitulo | B9: OFICINA LOCAL DE CRAVO NORTE | K9: Item: 2,5 | M9: =+PRESUPUESTO!B50 -> SUMINISITRO E INSTALACION DE FRONTON EN ESTRUCTURA METALICA CONSTRUIDA EN PERFIL VIGA IP 200 ESTRUCTURA PRINCIPAL Y HORIZONTALES EN TUBERIA RECTANGULAR 50 MM X 25 MM SEGÚN DISSEÑO PINTADA EN ANTICORROSIVO Y PINTURA ESMALTE ACABADO FINAL COLOR NEGRO.
A11: LOCALIZACION | B11: UBICACIÓN | C11: Dimensiones Elementos | F11: Vr. Parcial | G11: Dimensiones Vanos | J11: CANTIDAD | K11: Vr. Total | L11: Unidad | M11: Detalle
C12: LARGO (ml) | D12: ALTO (m2) | E12: PESO (KL) | G12: LARGO (ml) | H12: ALTO (m2) | I12: ANCHO (m3)
A13: PENDIENTE DIBUJO | L13: M2
B14: FACHADA PRINCIPAL | C14: =1+1.95+1.4+1.95+0.72+0.89+1.73+2+1.68+2 -> 15.32 | D14: 1 | K14: =+C14*D14 -> 15.32
K22: =+F22 -> 0
M25: Notas:
A36: TOTAL | J36: =SUM(J14:J35) -> 0 | K36: =SUM(K14:K35) -> 15.32 | L36: M2
A38: Firma | J38: Interventor / Supervisor
A39: Contratista

Sheet 3,1 
A1: OFICINA LOCAL DE CRAVO NORTE | B1: MEMORIA DE CANTIDADES
A5: ENTIDAD | B5: =[1]Datos!B3 -> INSTITUTO COLOMBIANO AGROPECUARIO | K5: No. Contrato | M5: N/A
A6: CONTRATISTA | K6: Fecha | M6: 45439
A7: INTERVENTOR O SUPERVISOR | B7: Arq. Andres Otero
A9: Capitulo | B9: OFICINA LOCAL DE CRAVO NORTE | K9: Item: 3,1 | M9: =+PRESUPUESTO!B52 -> LOCALIZACION Y REPLANTEO MANUAL
A11: LOCALIZACION | B11: UBICACIÓN | C11: Dimensiones Elementos | F11: Vr. Parcial | G11: Dimensiones Vanos | J11: CANTIDAD | K11: Vr. Total | L11: Unidad | M11: Detalle
C12: LARGO (ml) | D12: ALTO (m2) | E12: PESO (KL) | G12: LARGO (ml) | H12: ALTO (m2) | I12: ANCHO (m3)
A13: PENDIENTE DIBUJO | B13: COSTADO NORTE | C13: 29.2 | K13: =+C13 -> 29.2 | L13: ML
B14: COSTADO SUR - MENOS ACCESO PUERTA | C14: =29.2-I14 -> 29.2 | K14: =+C14 -> 29.2
B15: COSTADO ORIENTE | C15: 35 | K15: =+C15 -> 35
B16: COSTADO OCCIDENTE | C16: 35 | K16: =+C16 -> 35
B17: PERGOLA 1
B18: PERGOLA 2
B19: PERGOLA 3
K20: =+F20 -> 0
K21: =+F21 -> 0
K22: =+F22 -> 0
M25: Notas:
A36: TOTAL | J36: =SUM(J13:J35) -> 0 | K36: =SUM(K13:K35) -> 128.4 | L36: ML
A38: Firma | J38: Interventor / Supervisor
A39: Contratista

Sheet 3,2
A1: OFICINA LOCAL DE CRAVO NORTE | B1: MEMORIA DE CANTIDADES
A5: ENTIDAD | B5: =[1]Datos!B3 -> INSTITUTO COLOMBIANO AGROPECUARIO | K5: No. Contrato | M5: N/A
A6: CONTRATISTA | K6: Fecha | M6: 45439
A7: INTERVENTOR O SUPERVISOR | B7: Arq. Andres Otero
A9: Capitulo | B9: OFICINA LOCAL DE CRAVO NORTE | K9: Item: 3,2 | M9: =+PRESUPUESTO!B53 -> EXCAVACION DE ZAPATAS PARA CERRAMIENTO ENTRE 0,0 Y 1,00 MTS INCLUYE Y RETIRO DE MATERIAL Y DISPOSICION FINAL
A11: LOCALIZACION | B11: UBICACIÓN | C11: Dimensiones Elementos | F11: Vr. Parcial | G11: Dimensiones Vanos | J11: CANTIDAD | K11: Vr. Total | L11: Unidad | M11: Detalle
C12: LARGO (ml) | D12: ALTO (m2) | E12: ANCHO | G12: LARGO (ml) | H12: ALTO (m2) | I12: ANCHO (m3)
A13: PENDIENTE DIBUJO | B13: ZAPATAS PERGOLA ACCESO | C13: 0.8 | D13: 1 | E13: 0.8 | F13: 8 | K13: =+C13*D13*E13*F13 -> 5.12 | L13: M3
B14: ZAPATAS PERGOLA FACHA PPAL | C14: 0.8 | D14: 1 | E14: 0.8 | F14: 5 | K14: =+C14*D14*E14*F14 -> 3.2
B15: ZAPATAS PERGOLA FACHA POSTERIOR | C15: 0.8 | D15: 1 | E15: 0.8 | F15: 5 | K15: =+C15*D15*E15*F15 -> 3.2
B16: ZAPATAS CERRAMIENTO LATERAL IZQ | C16: 0.8 | D16: 1 | E16: 0.8 | F16: 11 | K16: =+C16*D16*E16*F16 -> 7.04
B17: ZAPATAS CERRAMIENTO LATERAL DER | C17: 0.8 | D17: 1 | E17: 0.8 | F17: 11 | K17: =+C17*D17*E17*F17 -> 7.04
B18: ZAPATAS CERRAMIENTO FACHDA POSTERIOR | C18: 0.8 | D18: 1 | E18: 0.8 | F18: 7 | K18: =+C18*D18*E18*F18 -> 4.48
B19: ZAPATAS CERRAMIENTO FACHDA PPAL | C19: 0.8 | D19: 1 | E19: 0.8 | F19: 7 | K19: =+C19*D19*E19*F19 -> 4.48
K20: =+F20 -> 0
K21: =+F21 -> 0
K22: =+F22 -> 0
M25: Notas:
A36: TOTAL | J36: =SUM(J13:J35) -> 0 | K36: =SUM(K13:K35) -> 34.56 | L36: M3
A38: Firma | J38: Interventor / Supervisor
A39: Contratista

Sheet 3,3
A1: OFICINA LOCAL DE CRAVO NORTE | B1: MEMORIA DE CANTIDADES
A5: ENTIDAD | B5: =[1]Datos!B3 -> INSTITUTO COLOMBIANO AGROPECUARIO | K5: No. Contrato | M5: N/A
A6: CONTRATISTA | K6: Fecha | M6: 45439
A7: INTERVENTOR O SUPERVISOR | B7: Arq. Andres Otero
A9: Capitulo | B9: OFICINA LOCAL DE CRAVO NORTE | K9: Item: 3,3 | M9: =+PRESUPUESTO!B54 -> DESMONTE DE CERRAMIENTO EXISTENTE Y DEMOLICION DE VIGA EN PISO EXISTENTE ENTRE 0 Y 25 CM DE ANCHO Y 0 A 0.80 MTS DE ALTO APROX. RETIRO Y DISPOSICION FINAL DE ESCOMBRO
A11: LOCALIZACION | B11: UBICACIÓN | C11: Dimensiones Elementos | F11: Vr. Parcial | G11: Dimensiones Vanos | J11: CANTIDAD | K11: Vr. Total | L11: Unidad | M11: Detalle
C12: LARGO (ml) | D12: ALTO (m2) | E12: PESO (KL) | G12: LARGO (ml) | H12: ALTO (m2) | I12: ANCHO (m3)
A13: PENDIENTE DIBUJO | B13: COSTADO NORTE | C13: 29.2 | K13: =+C13 -> 29.2 | L13: M3
B14: COSTADO SUR - MENOS ACCESO PUERTA | C14: =29.2-I14 -> 29.2 | K14: =+C14-H14 -> 29.2
B15: COSTADO ORIENTE | C15: 35 | K15: =+C15 -> 35
B16: COSTADO OCCIDENTE | C16: 35 | K16: =+C16 -> 35
K20: =+F20 -> 0
K21: =+F21 -> 0
K22: =+F22 -> 0
M25: Notas:
A36: TOTAL | J36: =SUM(J13:J35) -> 0 | K36: =SUM(K13:K35) -> 128.4 | L36: M3
A38: Firma | J38: Interventor / Supervisor
A39: Contratista

Sheet 3,4
A1: OFICINA LOCAL DE CRAVO NORTE | B1: MEMORIA DE CANTIDADES
A5: ENTIDAD | B5: =[1]Datos!B3 -> INSTITUTO COLOMBIANO AGROPECUARIO | K5: No. Contrato | M5: N/A
A6: CONTRATISTA | K6: Fecha | M6: 45439
A7: INTERVENTOR O SUPERVISOR | B7: Arq. Andres Otero
A9: Capitulo | B9: OFICINA LOCAL DE CRAVO NORTE | K9: Item: 3,4 | M9: =+PRESUPUESTO!B55 -> BASE EN RECEBO COMPACTADO DE ESPSOR DE 10 CMS PARA VIGA DE CIEMENTACION
A11: LOCALIZACION | B11: UBICACIÓN | C11: Dimensiones Elementos | F11: Vr. Parcial | G11: Dimensiones Vanos | J11: CANTIDAD | K11: Vr. Total | L11: Unidad | M11: Detalle
C12: LARGO (ml) | D12: ALTO (m2) | E12: PESO (KL) | G12: LARGO (ml) | H12: ALTO (m2) | I12: ANCHO (m3)
A13: PENDIENTE DIBUJO | B13: COSTADO NORTE | C13: 29.2 | D13: 0.1 | K13: =+C13*D13 -> 2.92 | L13: M3
B14: COSTADO SUR - MENOS ACCESO PUERTA | C14: =29.2-I14 -> 26.2 | D14: 0.1 | H14: PUERTA | I14: 3 | K14: =+C14*D14 -> 2.62
B15: COSTADO ORIENTE | C15: 35 | D15: 0.1 | K15: =+C15*D15 -> 3.5
B16: COSTADO OCCIDENTE | C16: 35 | D16: 0.1 | K16: =+C16*D16 -> 3.5
K20: =+F20 -> 0
K21: =+F21 -> 0
K22: =+F22 -> 0
M25: Notas:
A36: TOTAL | J36: =SUM(J13:J35) -> 0 | K36: =SUM(K13:K35) -> 12.54 | L36: M3
A38: Firma | J38: Interventor / Supervisor
A39: Contratista

Sheet 3,5
A1: OFICINA LOCAL DE CRAVO NORTE | B1: MEMORIA DE CANTIDADES
A5: ENTIDAD | B5: =[1]Datos!B3 -> INSTITUTO COLOMBIANO AGROPECUARIO | K5: No. Contrato | M5: N/A
A6: CONTRATISTA | K6: Fecha | M6: 45439
A7: INTERVENTOR O SUPERVISOR | B7: Arq. Andres Otero
A9: Capitulo | B9: OFICINA LOCAL DE CRAVO NORTE | K9: Item: 3,5 | M9: =+PRESUPUESTO!B56 -> SUMINISTRO E INSTALACION DE CONCRETO DE 3.000 PSI PARA ZAPATAS PEDESTAL Y VIGA INCLUYE ALFAJIA EN CONCRETO SEGÚN DISEÑO
A11: LOCALIZACION | B11: UBICACIÓN | C11: Dimensiones Elementos | F11: CANT | G11: Dimensiones Vanos | J11: CANTIDAD | K11: Vr. Total | L11: Unidad | M11: Detalle
C12: LARGO (ml) | D12: ALTO (m2) | E12: ANCHO (ml) | G12: LARGO (ml) | H12: ALTO (m2) | I12: ANCHO (m3)
A13: PENDIENTE DIBUJO | B13: ZAPATAS PERGOLA ACCESO | C13: 0.8 | D13: 0.3 | E13: 0.8 | F13: 8 | K13: =+C13*D13*E13*F13 -> 1.536 | L13: m3
B14: ZAPATAS PERGOLA FACHA PPAL | C14: 0.8 | D14: 1 | E14: 0.8 | F14: 5 | K14: =+C14*D14*E14*F14 -> 3.2 | L14: =SUM(K13:K19) -> 30.976
B15: ZAPATAS PERGOLA FACHA POSTERIOR | C15: 0.8 | D15: 1 | E15: 0.8 | F15: 5 | K15: =+C15*D15*E15*F15 -> 3.2
B16: ZAPATAS CERRAMIENTO LATERAL IZQ | C16: 0.8 | D16: 1 | E16: 0.8 | F16: 11 | K16: =+C16*D16*E16*F16 -> 7.04
B17: ZAPATAS CERRAMIENTO LATERAL DER | C17: 0.8 | D17: 1 | E17: 0.8 | F17: 11 | K17: =+C17*D17*E17*F17 -> 7.04 | W17: 755012 | X17: =+W17*L14 -> 23387252
B18: ZAPATAS CERRAMIENTO FACHDA POSTERIOR | C18: 0.8 | D18: 1 | E18: 0.8 | F18: 7 | K18: =+C18*D18*E18*F18 -> 4.48
B19: ZAPATAS CERRAMIENTO FACHDA PPAL | C19: 0.8 | D19: 1 | E19: 0.8 | F19: 7 | K19: =+C19*D19*E19*F19 -> 4.48
B20: PEDESTAL | C20: 0.3 | D20: 1.2 | E20: 0.3 | F20: 54 | K20: =+C20*D20*E20*F20 -> 5.832 | W20: 182046 | X20: =+W20*K20 -> 1061692.3
B21: VIGA | C21: =29.2+29.2+35+35 -> 128.4 | D21: 0.5 | E21: 0.2 | F21: 1 | K21: =+C21*D21*E21*F21 -> 12.84 | W21: 815996 | X21: =+W21*K21 -> 10477389
M25: Notas:
A36: TOTAL | K36: =SUM(K13:K35) -> 49.648 | L36: M3
A38: Firma | J38: Interventor / Supervisor
A39: Contratista

Sheet 3,6
A1: OFICINA LOCAL DE CRAVO NORTE | B1: MEMORIA DE CANTIDADES
A5: ENTIDAD | B5: =[1]Datos!B3 -> INSTITUTO COLOMBIANO AGROPECUARIO | K5: No. Contrato | M5: N/A
A6: CONTRATISTA | K6: Fecha | M6: 45439
A7: INTERVENTOR O SUPERVISOR | B7: Arq. Andres Otero
A9: Capitulo | B9: OFICINA LOCAL DE CRAVO NORTE | K9: Item: 3,6 | M9: =+PRESUPUESTO!B57 -> VARILA DE 1/2 " Y VARILLA DE 3/8" ACERO DE REFUERZO DE 60.000 Y ALAMBRE NEGRO No 18
A11: LOCALIZACION | B11: UBICACIÓN | C11: Dimensiones Elementos | F11: CANT | G11: Dimensiones Vanos | J11: CANTIDAD | K11: Vr. Total | L11: Unidad | M11: Detalle
C12: LARGO (ml) | D12: PESO | E12: ANCHO (ml) | G12: LARGO (ml) | H12: ALTO (m2) | I12: ANCHO (m3)
A13: PENDIENTE DIBUJO | K13: =+C13*D13*E13 -> 0 | L13: KL
K14: =+C14*D14*E14 -> 0
B15: VIGA COSTADO NORTE varilla de 1/2 ZAPATA | C15: 29.2 | D15: 1 | E15: 0.9 | F15: =+C15/0.25 -> 116.8 | K15: =+D15*E15*F15 -> 105.12 | Y15: VIGA COSTADO NORTE varilla de 1/2 ZAPATA | Z15: 29.2 | AA15: 1 | AB15: 0.9 | AC15: =+Z15/0.2 -> 146 | AH15: =+AA15*AB15*AC15 -> 131.4
B16: VIGA COSTADO SUR varilla de 1/2 ZAPATA | C16: 26.2 | D16: 1 | E16: 0.9 | F16: =+C16/0.25 -> 104.8 | K16: =+D16*E16*F16 -> 94.32 | Y16: VIGA COSTADO SUR varilla de 1/2 ZAPATA | Z16: 26.2 | AA16: 1 | AB16: 0.9 | AC16: =+Z16/0.2 -> 131 | AH16: =+AA16*AB16*AC16 -> 117.9
B17: VIGA COSTADO ORIENTE varilla de 1/2 ZAPATA | C17: 35 | D17: 1 | E17: 0.9 | F17: =+C17/0.25 -> 140 | K17: =+D17*E17*F17 -> 126 | Y17: VIGA COSTADO ORIENTE varilla de 1/2 ZAPATA | Z17: 35 | AA17: 1 | AB17: 0.9 | AC17: =+Z17/0.2 -> 175 | AH17: =+AA17*AB17*AC17 -> 157.5
B18: VIGA COSTADO OCCIDENTE varilla de 1/2 ZAPATA | C18: 35 | D18: 1 | E18: 0.9 | F18: =+C18/0.25 -> 140 | K18: =+D18*E18*F18 -> 126 | Y18: VIGA COSTADO OCCIDENTE varilla de 1/2 ZAPATA | Z18: 35 | AA18: 1 | AB18: 0.9 | AC18: =+Z18/0.2 -> 175 | AH18: =+AA18*AB18*AC18 -> 157.5
B20: VIGA COSTADO OCCIDENTE fleje de 3/8 VERTEBRA | C20: 29.2 | D20: 0.56 | E20: 0.85 | F20: =+C20/0.25 -> 116.8 | K20: =+D20*E20*F20 -> 55.5968 | Y20: VIGA COSTADO OCCIDENTE fleje de 3/8 VERTEBRA | Z20: 29.2 | AA20: 0.56 | AB20: 0.85 | AC20: =+Z20/0.25 -> 116.8 | AH20: =+AA20*AB20*AC20 -> 55.5968
B21: VIGA COSTADO OCCIDENTE fleje de 3/8 VERTEBRA | C21: 26.2 | D21: 0.56 | E21: 0.85 | F21: =+C21/0.25 -> 104.8 | K21: =+D21*E21*F21 -> 49.8848 | Y21: VIGA COSTADO OCCIDENTE fleje de 3/8 VERTEBRA | Z21: 26.2 | AA21: 0.56 | AB21: 0.85 | AC21: =+Z21/0.25 -> 104.8 | AH21: =+AA21*AB21*AC21 -> 49.8848
B22: VIGA COSTADO OCCIDENTE fleje de 3/8 VERTEBRA | C22: 35 | D22: 0.56 | E22: 0.85 | F22: =+C22/0.25 -> 140 | K22: =+D22*E22*F22 -> 66.64 | Y22: VIGA COSTADO OCCIDENTE fleje de 3/8 VERTEBRA | Z22: 35 | AA22: 0.56 | AB22: 0.85 | AC22: =+Z22/0.25 -> 140 | AH22: =+AA22*AB22*AC22 -> 66.64
B23: VIGA COSTADO OCCIDENTE fleje de 3/8 VERTEBRA | C23: 35 | D23: 0.56 | E23: 0.85 | F23: =+C23/0.25 -> 140 | K23: =+D23*E23*F23 -> 66.64 | Y23: VIGA COSTADO OCCIDENTE fleje de 3/8 VERTEBRA | Z23: 35 | AA23: 0.56 | AB23: 0.85 | AC23: =+Z23/0.25 -> 140 | AH23: =+AA23*AB23*AC23 -> 66.64
B25: VIGA COSTADO OCCIDENTE varilla de 1/2 long VERTEBRA | C25: 29.2 | D25: 1 | F25: 4 | K25: =+C25*D25*F25 -> 116.8 | M25: Notas: | Y25: VIGA COSTADO OCCIDENTE varilla de 1/2 long VERTEBRA | Z25: 29.2 | AA25: 1 | AC25: 4 | AH25: =+Z25*AA25*AC25 -> 116.8
B26: VIGA COSTADO OCCIDENTE varilla de 1/2 long VERTEBRA | C26: 26.2 | D26: 1 | F26: 4 | K26: =+C26*D26*F26 -> 104.8 | Y26: VIGA COSTADO OCCIDENTE varilla de 1/2 long VERTEBRA | Z26: 26.2 | AA26: 1 | AC26: 4 | AH26: =+Z26*AA26*AC26 -> 104.8
B27: VIGA COSTADO OCCIDENTE varilla de 1/2 long VERTEBRA | C27: 35 | D27: 1 | F27: 4 | K27: =+C27*D27*F27 -> 140 | Y27: VIGA COSTADO OCCIDENTE varilla de 1/2 long VERTEBRA | Z27: 35 | AA27: 1 | AC27: 4 | AH27: =+Z27*AA27*AC27 -> 140
B28: VIGA COSTADO OCCIDENTE varilla de 1/2 long VERTEBRA | C28: 35 | D28: 1 | F28: 4 | K28: =+C28*D28*F28 -> 140 | Y28: VIGA COSTADO OCCIDENTE varilla de 1/2 long VERTEBRA | Z28: 35 | AA28: 1 | AC28: 4 | AH28: =+Z28*AA28*AC28 -> 140
B30: VIGA COSTADO OCCIDENTE varilla de 1/2 long ZAPATA | C30: 29.2 | D30: 1 | F30: 4 | K30: =+C30*D30*F30 -> 116.8 | Y30: VIGA COSTADO OCCIDENTE varilla de 1/2 long ZAPATA | Z30: 29.2 | AA30: 1 | AC30: 4 | AH30: =+Z30*AA30*AC30 -> 116.8
B31: VIGA COSTADO OCCIDENTE varilla de 1/2 long ZAPATA | C31: 26.2 | D31: 1 | F31: 4 | K31: =+C31*D31*F31 -> 104.8 | Y31: VIGA COSTADO OCCIDENTE varilla de 1/2 long ZAPATA | Z31: 26.2 | AA31: 1 | AC31: 4 | AH31: =+Z31*AA31*AC31 -> 104.8
B32: VIGA COSTADO OCCIDENTE varilla de 1/2 long ZAPATA | C32: 35 | D32: 1 | F32: 4 | K32: =+C32*D32*F32 -> 140 | Y32: VIGA COSTADO OCCIDENTE varilla de 1/2 long ZAPATA | Z32: 35 | AA32: 1 | AC32: 4 | AH32: =+Z32*AA32*AC32 -> 140
B33: VIGA COSTADO OCCIDENTE varilla de 1/2 long ZAPATA | C33: 35 | D33: 1 | F33: 4 | K33: =+C33*D33*F33 -> 140 | Y33: VIGA COSTADO OCCIDENTE varilla de 1/2 long ZAPATA | Z33: 35 | AA33: 1 | AC33: 4 | AH33: =+Z33*AA33*AC33 -> 140
A36: TOTAL | K36: =SUM(K13:K35) -> 1693.4016 | L36: KL | AH36: =SUM(AH13:AH35) -> 1806.2616
A38: Firma | J38: Interventor / Supervisor
A39: Contratista

Sheet 3,7
A1: OFICINA LOCAL DE CRAVO NORTE | B1: MEMORIA DE CANTIDADES
A5: ENTIDAD | B5: =[1]Datos!B3 -> INSTITUTO COLOMBIANO AGROPECUARIO | K5: No. Contrato | M5: N/A
A6: CONTRATISTA | K6: Fecha | M6: 45439
A7: INTERVENTOR O SUPERVISOR | B7: Arq. Andres Otero
A9: Capitulo | B9: OFICINA LOCAL DE CRAVO NORTE | K9: Item: 3,7 | M9: =+PRESUPUESTO!B58 -> SUMINISTRO E INSTALACION DE CERRAMIENTO EN TUBERIA REDONDA 3" GALVANIZADA DE 2,20 MTS DE ALTO , TUBO CAD 15 CMS CON TAPA PUNTA CHAFLAN PINTADA EN WASH PRIMER Y TERMINACION EN ESMALTE EN COLOR DESEADO
A11: LOCALIZACION | B11: UBICACIÓN | C11: Dimensiones Elementos | F11: CANT DE TUBOS DE 3 MTS | G11: Dimensiones Vanos | J11: CANTIDAD | K11: Vr. Total | L11: Unidad | M11: Detalle
C12: LARGO (ml) | D12: ALTO (m2) | E12: ANCHO (ml) | G12: LARGO (ml) | H12: ALTO (m2) | I12: ANCHO (m3)
A13: PENDIENTE DIBUJO | K13: =+C13*D13*E13 -> 0 | L13: ML
K14: =+C14*D14*E14 -> 0
B15: COSTADO NORTE | C15: 29.2 | F15: =+C15/0.15 -> 194.66667 | K15: =+C15 -> 29.2
B16: COSTADO SUR - MENOS ACCESO PUERTA | C16: 29.2 | F16: =+C16/0.15 -> 194.66667 | I16: PUERTA | J16: 3 | K16: =+C16-J16 -> 26.2
B17: COSTADO ORIENTE | C17: 35 | F17: =+C17/0.15 -> 233.33333 | K17: =+C17 -> 35
B18: COSTADO OCCIDENTE | C18: 35 | F18: =+C18/0.15 -> 233.33333 | K18: =+C18 -> 35
K20: =+F20 -> 0
K21: =+F21 -> 0
K22: =+F22 -> 0
K23: =+F23 -> 0
M25: Notas:
A36: TOTAL | K36: =SUM(K13:K35) -> 125.4 | L36: ML
A38: Firma | J38: Interventor / Supervisor
A39: Contratista

Sheet 3,8
A1: OFICINA LOCAL DE CRAVO NORTE | B1: MEMORIA DE CANTIDADES
A5: ENTIDAD | B5: =[1]Datos!B3 -> INSTITUTO COLOMBIANO AGROPECUARIO | K5: No. Contrato | M5: N/A
A6: CONTRATISTA | K6: Fecha | M6: 45439
A7: INTERVENTOR O SUPERVISOR | B7: Arq. Andres Otero
A9: Capitulo | B9: OFICINA LOCAL DE CRAVO NORTE | K9: Item: 3,8 | M9: =+PRESUPUESTO!B59 -> SUMINISTRO E INSTALACION DE PUERTA EN TUBERIA REDONDA 3" GALVANIZADA DE 2,20 MTS DE ALTO , TUBO CAD 15 CMS CON TAPA PUNTA CHAFLAN PINTADA EN WASH SEGÚN DISEÑO.
A11: LOCALIZACION | B11: UBICACIÓN | C11: Dimensiones Elementos | F11: CANT DE TUBOS DE 3 MTS | G11: Dimensiones Vanos | J11: CANTIDAD | K11: Vr. Total | L11: Unidad | M11: Detalle
C12: LARGO (ml) | D12: ALTO (m2) | E12: ANCHO (ml) | G12: LARGO (ml) | H12: ALTO (m2) | I12: ANCHO (m3)
A13: PENDIENTE DIBUJO | K13: =+C13*D13*E13 -> 0 | L13: M2
K14: =+C14*D14*E14 -> 0
B16: COSTADO SUR - ACCESO PUERTA PEATONAL | C16: 2.7 | D16: 1 | K16: =+C16*D16 -> 2.7
B17: COSTADO SUR - ACCESO PUERTA VEHICULAR | C17: 2.7 | D17: 3 | K17: =+C17*D17 -> 8.1
K22: =+F22 -> 0
K23: =+F23 -> 0
M25: Notas:
A36: TOTAL | K36: =SUM(K13:K35) -> 10.8 | L36: M2
A38: Firma | J38: Interventor / Supervisor
A39: Contratista

Sheet 6,1
A1: OFICINA LOCAL DE CRAVO NORTE | B1: MEMORIA DE CANTIDADES
A5: ENTIDAD | B5: =[1]Datos!B3 -> INSTITUTO COLOMBIANO AGROPECUARIO | K5: No. Contrato | M5: N/A
A6: CONTRATISTA | K6: Fecha | M6: 45439
A7: INTERVENTOR O SUPERVISOR | B7: Arq. Andres Otero
A9: Capitulo | B9: OFICINA LOCAL DE CRAVO NORTE | K9: Item: 3,8 | M9: =+PRESUPUESTO!B59 -> SUMINISTRO E INSTALACION DE PUERTA EN TUBERIA REDONDA 3" GALVANIZADA DE 2,20 MTS DE ALTO , TUBO CAD 15 CMS CON TAPA PUNTA CHAFLAN PINTADA EN WASH SEGÚN DISEÑO.
A11: LOCALIZACION | B11: UBICACIÓN | C11: Dimensiones Elementos | F11: CANTIDAD | G11: Dimensiones Vanos | J11: CANTIDAD | K11: Vr. Total | L11: Unidad | M11: Detalle
C12: LARGO (ml) | D12: ALTO (m2) | E12: ANCHO (ml) | G12: LARGO (ml) | H12: ALTO (m2) | I12: ANCHO (m3)
A13: PENDIENTE DIBUJO | B13: SALON PRINCIPAL | F13: 1 | K13: =+F13 -> 1 | L13: M2
B14: OFICNA 1 | F14: 1 | K14: =+F14 -> 1
B15: OFICNA 2 | F15: 1 | K15: =+F15 -> 1
B16: ARCHIVO | F16: 1 | K16: =+F16 -> 1
K22: =+F22 -> 0
K23: =+F23 -> 0
M25: Notas:
A36: TOTAL | K36: =SUM(K13:K35) -> 4 | L36: M2
A38: Firma | J38: Interventor / Supervisor
A39: Contratista

Sheet EST METAL
I4: PLATINA DE 1/4 CON HUECO 1/2 "
I5: TORNILLO DE1/2"
